Cogmind - Beta 11 X7 @@@ ROGUE MODE // 2021.10.06 @ 00:19:39 Player: aperiodic Result: Establishing 0b11! Performance ------------- Evolutions (9) 4500 Regions Visited (40) 8000 Robots Destroyed (150) 750 Value Destroyed (5568) 5568 Prototype IDs (149) 2980 Alien Tech Used (11) 2200 Bonus (31073) 31073 TOTAL SCORE: 55071 Bonus ------- High Alert Combat Kills 205 Follower Combat Kills 1540 Network Hubs Disabled 200 Aligned with FarCom 300 Met Data Miner 300 Met Zhirov 300 Met Warlord at Base 500 MAIN.C Attacked Warlord 500 Warlord Defense Kill 100 Built Enhanced Grunts 300 A7 Reached Mainframe 300 Hacked Protovariant 500 Met Warlord at Research 2000 Destroyed MAIN.C Guards 500 Met MAIN.C 5000 Hacked MAIN.C 300 Destroyed MAIN.C Shell 5000 Destroyed MAIN.C 10000 Met Warlord at Command 2000 Met Architect 300 Destroyed A8 300 Win 3000 Friendly Fire -2372 Cogmind --------- Core Integrity 218/1600 Matter 377/425 Energy 466/700 System Corruption 0% Temperature Cool (24) Movement Hovering (50) Location 0b11 Command Parts ------- > --- POWER (2) -------- (None) > --- PROPULSION (6) --- Combat Antigrav System Combat Antigrav System Combat Antigrav System Combat Linear Gravjet Combat Linear Gravjet Combat Linear Gravjet > --- UTILITY (13) ----- Medium Storage Unit Experimental Energy Well Experimental Terrain Scan Processor Advanced Melee Analysis Suite Experimental Melee Analysis Suite Experimental Target Analyzer Advanced Armor Integrity Analyzer Femtoactuators Experimental Actuator Array Centrium Light Armor Plating Centrium Light Armor Plating Beam Splitter > --- WEAPON (4) ------- Plasma Lance Plasma Lance Enhanced Force Lance > --- INVENTORY (10) --- Experimental Energy Well (0) Dimensional Manipulator Experimental Terrain Scanner AEGIS Remote Shield Spacefold Activator Peak State ------------ > --- POWER ------------ Vortex Chain Reactor > --- PROPULSION ------- Combat Antigrav System Combat Linear Gravjet Combat Linear Gravjet Combat Linear Gravjet Combat Linear Gravjet Combat Linear Gravjet > --- UTILITY ---------- Medium Storage Unit Experimental Energy Well Experimental Energy Well Experimental Energy Well Dimensional Manipulator Experimental Terrain Scan Processor Experimental Melee Analysis Suite Advanced Armor Integrity Analyzer Experimental Actuator Array Centrium Heavy Armor Plating Beam Splitter AEGIS Remote Shield > --- WEAPON ----------- Heavy Quantum Rifle Phasing Sabre Plasma Lance Plasma Lance > --- INVENTORY -------- Combat Antigrav System Experimental Terrain Scanner Femtoactuators Maneuvering Thrusters Transdimensional Reconstructor Transdimensional Reconstructor Integrity Redistributor Spacefold Activator RU-N14's Throwing Claymores v3 Advanced Remote Datajack [Rating: 227] Favorites ----------- Power Vortex Chain Reactor Engine Light Ion Engine Power Core Micro Fission Core Reactor Vortex Chain Reactor Propulsion Combat Linear Gravjet Treads Improved Treads Wheel Wheel Hover Unit Combat Linear Gravjet Flight Unit Improved Diametric Drive Utility Experimental Energy Well Device AEGIS Remote Shield Storage Experimental Energy Well Processor Experimental Melee Analysis Suite Hackware Experimental Hacking Suite Protection Centrium Heavy Armor Plating Artifact Spacefold Activator Weapon Plasma Lance Energy Gun EM Pulse Gun Energy Cannon Advanced Plasma Cannon Ballistic Gun Heavy Assault Rifle Ballistic Cannon Graviton Cannon Launcher Mini Grenade Launcher Special Weapon Field Lobotomy Kit Slashing Weapon Longsword +1 Piercing Weapon Plasma Lance Build | -11 -10 -10 -10 -9 -8 -8 -7 -7 -7 -7 -6 -6 -6 -6 -6 -6 -6 -6 -5 -5 -5 -5 -5 -5 -4 -4 -4 -4 -4 -4 -4 -3 -3 -3 -3 -2 -2 -1 -1 -1 ------- Run | Scr Mat Min Exi Min Mat Sto Fac Low Low Dat Pro Fac Was Fac Ext Cet Arc Hub Fac Was Fac Upp Upp War Pro Fac Was Fac Upp Upp Zhi Pro Res Qua Sec Res Tes Acc Com Ac0 Slots Evolved 18 | . . . . . 4 . 2 . . . . 2 . . . . . . 2 . . . . . . 2 . . . . . . 2 . . 2 . 2 . . Power 1 | . . . . . . . . . . . . . . . . . . . . . . . . . . . . . . . . . . . . . . 1 . . Propulsion 4 | . . . . . 2 . . . . . . 1 . . . . . . . . . . . . . . . . . . . . 1 . . . . . . . Utility 11 | . . . . . 2 . 2 . . . . 1 . . . . . . 2 . . . . . . 2 . . . . . . 1 . . . . 1 . . Weapon 2 | . . . . . . . . . . . . . . . . . . . . . . . . . . . . . . . . . . . . 2 . . . . Parts Attached 350 | 6 16 . 4 5 20 14 3 2 6 2 . 8 1 13 6 6 3 4 12 2 3 . . 17 1 13 2 11 . . 2 3 2 3 33 26 12 9 62 18 Power 35 | 1 3 . 1 . 1 2 1 . 2 . . 1 . 2 1 . 1 . 1 . . . . . . 1 . 2 . . . . . . 3 2 . 1 9 . Engine 9 | 1 3 . 1 . 1 2 . . . . . . . . . . . . . . . . . . . . . . . . . . . . . 1 . . . . Core 11 | . . . . . . . 1 . 1 . . 1 . 2 1 . 1 . 1 . . . . . . 1 . 1 . . . . . . 1 . . . . . Reactor 15 | . . . . . . . . . 1 . . . . . . . . . . . . . . . . . . 1 . . . . . . 2 1 . 1 9 . Propulsion 62 | 2 6 . . . 2 6 . . . . . . 1 3 . . . . 3 . 1 . . 5 . 2 . 3 . . . 1 1 . 6 12 5 . 3 . Treads 8 | . 4 . . . 2 2 . . . . . . . . . . . . . . . . . . . . . . . . . . . . . . . . . . Leg . | . . . . . . . . . . . . . . . . . . . . . . . . . . . . . . . . . . . . . . . . . Wheel 4 | 2 2 . . . . . . . . . . . . . . . . . . . . . . . . . . . . . . . . . . . . . . . Hover 22 | . . . . . . . . . . . . . . . . . . . . . . . . 2 . . . . . . . . . . . 12 5 . 3 . Flight 28 | . . . . . . 4 . . . . . . 1 3 . . . . 3 . 1 . . 3 . 2 . 3 . . . 1 1 . 6 . . . . . Utility 181 | 1 3 . 3 2 5 3 2 2 2 . . 7 . 6 5 5 2 3 8 2 1 . . 3 . 8 2 5 . . 2 2 1 3 19 10 7 8 35 14 Device 84 | . . . . 1 1 . 1 1 1 . . 2 . 2 2 3 1 1 3 2 . . . 1 . 4 2 2 . . . 1 1 1 9 7 5 5 18 7 Storage 18 | 1 1 . 2 . 1 . . . 1 . . . . 1 . . . 1 . . . . . . . . . . . . . . . . . . 2 . 5 3 Processor 10 | . . . . . . . . . . . . . . 1 . . . . . . . . . 1 . 1 . 1 . . . . . . . 1 . 1 4 . Hackware 20 | . . . . . 1 1 1 1 . . . 5 . 1 . . . . 4 . . . . 1 . 1 . . . . . 1 . . 1 1 . 1 . . Protection 40 | . 2 . 1 1 2 2 . . . . . . . 1 3 2 1 1 1 . 1 . . . . 2 . 2 . . 2 . . 1 6 . . . 6 3 Artifact 9 | . . . . . . . . . . . . . . . . . . . . . . . . . . . . . . . . . . 1 3 1 . 1 2 1 Weapon 72 | 2 4 . . 3 12 3 . . 2 2 . . . 2 . 1 . 1 . . 1 . . 9 1 2 . 1 . . . . . . 5 2 . . 15 4 Energy Gun 7 | . 1 . . . 2 . . . . . . . . . . . . . . . . . . 3 . . . . . . . . . . . . . . 1 . Energy Cannon 8 | . . . . . . . . . . . . . . 1 . . . . . . 1 . . 3 1 . . 1 . . . . . . 1 . . . . . Ballistic Gun 14 | 2 3 . . 2 5 2 . . . . . . . . . . . . . . . . . . . . . . . . . . . . . . . . . . Ballistic Cannon 1 | . . . . . . . . . . . . . . . . . . . . . . . . . . . . . . . . . . . . . . . 1 . Launcher 13 | . . . . 1 3 . . . 2 1 . . . . . 1 . . . . . . . 3 . . . . . . . . . . . . . . 1 1 Special Weapon 6 | . . . . . . . . . . 1 . . . . . . . . . . . . . . . 1 . . . . . . . . 1 . . . 3 . Impact Weapon . | . . . . . . . . . . . . . . . . . . . . . . . . . . . . . . . . . . . . . . . . . Slashing Weapon 8 | . . . . . 2 1 . . . . . . . 1 . . . 1 . . . . . . . 1 . . . . . . . . . 1 . . 1 . Piercing Weapon 15 | . . . . . . . . . . . . . . . . . . . . . . . . . . . . . . . . . . . 3 1 . . 8 3 Special Melee Weapon . | . . . . . . . . . . . . . . . . . . . . . . . . . . . . . . . . . . . . . . . . . Unidentified Prototypes 45 | . . . . 1 2 3 . . . . . 1 . . . 1 . . . 1 . . . 8 . 1 . . . . 1 . . 1 9 . 4 2 10 . Parts Lost 33 | . 3 . . . . . . 1 . . . 1 . . 1 . . . . . . . . . 1 1 . . . . . 3 . . 4 . . 1 12 5 Power 7 | . 1 . . . . . . 1 . . . . . . . . . . . . . . . . . . . . . . . . . . 1 . . . 3 1 Propulsion 4 | . . . . . . . . . . . . 1 . . . . . . . . . . . . . 1 . . . . . 1 . . . . . . 1 . Utility 17 | . . . . . . . . . . . . . . . 1 . . . . . . . . . 1 . . . . . . 2 . . 3 . . 1 7 2 Weapon 5 | . 2 . . . . . . . . . . . . . . . . . . . . . . . . . . . . . . . . . . . . . 1 2 Highest Loss Streak 7 | . 2 . . . . . . 1 . . . 1 . . 1 . . . . . . . . . 1 1 . . . . . 2 . . 2 . . 1 7 2 Average Slot Usage (%) 94 | . 97 100 100 100 99 98 86 90 84 92 92 88 90 91 92 93 93 93 93 94 94 94 94 98 99 93 100 98 100 100 100 95 91 92 90 89 100 99 92 94 Engine 1 | . 14 14 14 14 9 9 . . . . . . . . . . . . . . . . . . . . . . . . . . . . . . . . . . Core 1 | . . . . . . . 6 7 4 . . 2 6 6 6 6 6 6 5 5 5 5 5 5 5 5 5 3 . . . . . . . . . . . . Reactor 2 | . . . . . . . . . . 7 7 3 . . . . . . . . . . . . . . . 1 5 5 5 5 4 4 3 1 4 7 4 3 Treads 3 | . 16 28 28 28 36 13 . . . . . . . . . . . . . . . . . . . . . . . . . . . . . . . . . . Hover 10 | . . . . . . . . . . . . . . . . . . . . . . . . . . . . . . . . . . . . 8 26 24 23 24 Flight 9 | . . . . . . 22 30 30 30 30 30 23 24 24 26 26 26 26 22 23 23 23 23 27 29 23 26 25 26 26 26 24 23 23 22 14 . . . . Device 9 | . . . . 9 . . 7 6 5 7 7 8 6 6 5 7 9 5 9 5 5 5 5 5 5 7 5 4 5 5 5 8 10 11 13 13 17 17 13 15 Storage 9 | . 14 14 14 14 9 4 . . 1 . . . . 1 6 6 6 6 5 5 5 5 5 5 5 5 5 5 5 5 5 5 4 4 4 4 6 8 14 5 Processor 10 | . . . . . . . . . . . . . . 4 6 6 6 6 5 5 5 5 5 9 11 11 15 15 15 15 15 15 14 14 11 4 8 9 16 20 Hackware 9 | . . . . . 8 13 17 23 23 23 23 28 33 27 24 20 20 20 26 29 27 23 23 23 22 18 21 21 21 21 21 15 14 13 12 12 9 10 . . Protection 6 | . 12 14 14 4 18 17 15 15 8 7 7 6 6 4 1 4 2 6 3 5 6 11 11 6 5 9 10 9 10 10 10 10 9 6 4 4 4 3 4 7 Energy Gun 1 | . 7 14 14 2 . . . . . . . . . . . . . . . . . . . . . . . . . . . . . . . . . . . . Energy Cannon 1 | . . . . . . . . . . . . . . 5 6 6 6 6 5 5 5 5 5 4 2 5 5 5 5 5 5 5 4 4 1 . . . . . Ballistic Gun 2 | . 20 14 14 25 15 8 . . . . . . . . . . . . . . . . . . . . . . . . . . . . . . . . . . Slashing Weapon 3 | . . . . . 2 8 7 7 7 7 7 6 6 6 6 . . 6 5 5 5 5 5 5 5 4 5 5 5 5 5 5 4 4 1 3 4 4 3 . Piercing Weapon 6 | . . . . . . . . . . . . . . . . . . . . . . . . . . . . . . . . . . . 4 12 13 12 12 14 Naked Turns . | . . . . . . . . . . . . . . . . . . . . . . . . . . . . . . . . . . . . . . . . . Heaviest Build 118 | 10 35 35 35 37 64 63 20 16 20 19 19 19 14 29 30 40 40 31 27 24 28 28 28 29 24 29 31 30 30 30 30 31 33 39 41 52 59 81 118 97 Greatest Support 126 | 26 46 46 46 46 92 92 20 20 20 20 20 29 31 32 32 44 44 32 44 32 33 33 33 33 31 41 31 31 31 31 31 31 41 41 44 79 99 99 126 99 Greatest Overweight (x) 35 | . 1 . . . . 2 . . . . . . . . . . . . . . . . . . . . . . . . . 1 . . . 3 . . 35 . Average Overweight (x) . | . . . . . . . . . . . . . . . . . . . . . . . . . . . . . . . . . . . . . . . 3 . Largest Inventory Capacity 20 | 8 15 15 20 15 20 20 5 5 5 5 5 5 5 8 8 8 8 8 8 8 8 8 8 8 8 8 8 8 8 8 8 8 8 8 8 8 10 10 10 10 Average Capacity 9 | 6 14 15 15 15 19 12 5 5 5 5 5 5 5 5 8 8 8 8 8 8 8 8 8 8 8 8 8 8 8 8 8 8 8 8 8 8 8 10 10 10 Most Carried 20 | 6 15 15 15 15 20 20 5 5 5 4 5 5 5 8 8 8 8 8 8 8 8 8 8 8 8 8 8 8 8 8 8 8 7 8 8 8 10 10 10 10 Average Carried 9 | 3 13 15 14 14 17 11 4 4 4 4 4 4 4 5 7 8 8 8 7 7 7 8 8 7 8 6 8 7 8 8 8 7 6 6 7 7 8 9 9 7 Final Capacity 20 | 8 15 15 15 15 20 5 5 5 5 5 5 5 5 8 8 8 8 8 8 8 8 8 8 8 8 8 8 8 8 8 8 8 8 8 8 8 10 10 10 10 Final Carried 20 | 6 15 15 15 15 20 5 4 5 4 4 5 5 5 8 8 8 8 8 8 8 8 8 8 8 8 8 8 8 8 8 8 7 6 7 7 8 10 9 10 5 Class Distribution -------------------- 37% | Machinist-Mutant 19% | Wizard-Sprinter 17% | Hacker-Sprinter 14% | Mutant 5% | Hacker-Mutant 3% | Scavenger-Mutant Dominant Class ---------------- Mutant | -10/Materials Mutant | -10/Mines Mutant | -10/Exiles Mutant | -9/Mines Mutant | -8/Materials Commander-Sprinter | -8/Storage Hacker-Sprinter | -7/Factory Hacker-Sprinter | -7/Lower Caves Hacker-Sprinter | -7/Lower Caves Hacker-Sprinter | -7/Data Miner Hacker-Sprinter | -6/Proximity Caves Hacker-Sprinter | -6/Factory Hacker-Sprinter | -6/Waste Wizard-Sprinter | -6/Factory Wizard-Sprinter | -6/Extension Hacker-Sprinter | -6/Cetus Hacker-Sprinter | -6/Archives Hacker-Sprinter | -6/Hub_04(d) Wizard-Sprinter | -5/Factory Wizard-Sprinter | -5/Waste Wizard-Sprinter | -5/Factory Wizard-Sprinter | -5/Upper Caves Wizard-Sprinter | -5/Upper Caves Wizard-Sprinter | -5/Warlord Wizard-Sprinter | -4/Proximity Caves Wizard-Sprinter | -4/Factory Wizard-Sprinter | -4/Waste Wizard-Sprinter | -4/Factory Wizard-Sprinter | -4/Upper Caves Wizard-Sprinter | -4/Upper Caves Wizard-Sprinter | -4/Zhirov Hacker-Sprinter | -3/Proximity Caves Hacker-Sprinter | -3/Research Hacker-Sprinter | -3/Quarantine Hacker-Sprinter | -3/Section 7 Hacker-Sprinter | -2/Research Hacker-Mutant | -2/Testing Hacker-Mutant | -1/Access Machinist-Mutant | -1/Command Machinist-Mutant | -1/Access_0 Resources | -11 -10 -10 -10 -9 -8 -8 -7 -7 -7 -7 -6 -6 -6 -6 -6 -6 -6 -6 -5 -5 -5 -5 -5 -5 -4 -4 -4 -4 -4 -4 -4 -3 -3 -3 -3 -2 -2 -1 -1 -1 ----------- Run | Scr Mat Min Exi Min Mat Sto Fac Low Low Dat Pro Fac Was Fac Ext Cet Arc Hub Fac Was Fac Upp Upp War Pro Fac Was Fac Upp Upp Zhi Pro Res Qua Sec Res Tes Acc Com Ac0 Matter Collected 3563 | 276 209 55 . 113 432 146 11 29 65 . 20 73 . 226 70 83 28 42 120 20 20 10 . 206 . 127 30 100 3 7 . 45 20 . 242 273 70 45 305 42 Remotely . | . . . . . . . . . . . . . . . . . . . . . . . . . . . . . . . . . . . . . . . . . Salvage Created 7317 | 123 549 144 . 56 632 232 11 . 266 . 25 111 . 180 40 222 . 532 200 . 35 28 . 70 . 340 . 338 . . . 208 138 154 217 339 144 383 1495 105 Parts 333 | 7 26 6 . 2 49 9 . . 10 . 1 7 . 7 2 8 . 26 6 . 1 4 . 2 . 14 . 16 . . . 10 10 4 19 21 5 26 28 7 Haulers Intercepted 11 | . . . . . 2 3 . . . . . . . . . . . 3 1 . . . . . . 2 . . . . . . . . . . . . . . Recyclers Shooed 5 | . 3 . . . 2 . . . . . . . . . . . . . . . . . . . . . . . . . . . . . . . . . . . Parts Field Recycled . | . . . . . . . . . . . . . . . . . . . . . . . . . . . . . . . . . . . . . . . . . Retrieved Matter . | . . . . . . . . . . . . . . . . . . . . . . . . . . . . . . . . . . . . . . . . . Parts Self-Destructed 53 | . . . . . . . . . . . . . . . . . . . . . . 6 . 38 . . . . . . . 9 . . . . . . . . Prevented 9 | . . . . . . . . . . . . . . . . . . . . . . . . 9 . . . . . . . . . . . . . . . . Kills | -11 -10 -10 -10 -9 -8 -8 -7 -7 -7 -7 -6 -6 -6 -6 -6 -6 -6 -6 -5 -5 -5 -5 -5 -5 -4 -4 -4 -4 -4 -4 -4 -3 -3 -3 -3 -2 -2 -1 -1 -1 ------- Run | Scr Mat Min Exi Min Mat Sto Fac Low Low Dat Pro Fac Was Fac Ext Cet Arc Hub Fac Was Fac Upp Upp War Pro Fac Was Fac Upp Upp Zhi Pro Res Qua Sec Res Tes Acc Com Ac0 Combat Hostiles Destroyed 68 | . 10 . . . 16 1 . . . . . 5 . . . 3 . . 1 . . 1 . 1 . 2 . 1 . . . 5 3 . 2 2 . 4 9 2 Melee 33 | . . . . . . 1 . . . . . 1 . . . . . . 1 . . 1 . . . 2 . 1 . . . 5 3 . 2 2 . 4 9 1 Guns 14 | . 9 . . . 5 . . . . . . . . . . . . . . . . . . . . . . . . . . . . . . . . . . . Cannons 1 | . . . . . . . . . . . . . . . . . . . . . . . . 1 . . . . . . . . . . . . . . . . AOE 18 | . 1 . . . 11 . . . . . . 4 . . . 1 . . . . . . . . . . . . . . . . . . . . . . . 1 Classes Destroyed 17 | 2 4 1 . . 3 . . . 1 . . 1 . . . . . 1 . . . . . 1 . . . . . . . . . . 2 1 . . . . Worker 16 | . . 2 . . 3 . 1 . . . . . . 1 . . . 6 . . . . . . . . . 1 . . . . . . . 1 . 1 . . Builder 1 | . . . . . . . . . . . . . . . . . . 1 . . . . . . . . . . . . . . . . . . . . . . Tunneler 5 | 2 . 1 . . . . . . . . . . . . . . . 1 . . . . . . . . . . . . . . . . . 1 . . . . Hauler 11 | . . . . . 2 3 . . . . . . . . . . . 3 1 . . . . . . 2 . . . . . . . . . . . . . . Recycler 8 | 1 2 1 . 1 1 . . . . . . . . 1 . . . . . . . . . . . . . . . . . . . . . . . . 1 . Mechanic 4 | . . . . . 1 . . . . . . 1 . . . . . . . . . . . . . . . 1 . . . . . 1 . . . . . . Operator 7 | . 1 . . . 1 2 . . . . . . . . . . . 1 . . . . . . . . . . . . . . . . . 2 . . . . Watcher 26 | . 1 . . . 2 . . . . . . . . 1 1 . . . 1 . 1 . . . . 1 . 5 . . . . 1 2 2 2 1 2 3 . Swarmer 25 | . 3 . . . 10 . . . . . . 4 . . . . . . . . . 1 . . . . . . . . . 4 3 . . . . . . . Saboteur 1 | . . . . . . . . . . . . . . . . . . . . . . . . . . . . . . . . . . . 1 . . . . . Grunt 16 | . 7 . . . 5 1 . . . . . . . . . . . . 1 . . . . . . . . . . . . . . . . . . 1 1 . Duelist 1 | . . . . . . . . . . . . . . . . . . . . . . . . 1 . . . . . . . . . . . . . . . . Researcher 1 | . . . . . . . . . . . . . . . . . . . . . . . . . . . . . . . . . . . 1 . . . . . Sentry 1 | . . . . . 1 . . . . . . . . . . . . . . . . . . . . . . . . . . . . . . . . . . . Hunter 6 | . . . . . . . . . . . . . . . . . . . . . . . . . . . . . . . . . . . . 2 . . 4 . Programmer 9 | . . . . . . . . . . . . 1 . . . . . . . . . . . . . 2 . 1 . . . 1 . . 1 . . 3 . . Cetus Guard 3 | . . . . . . . . . . . . . . . . 3 . . . . . . . . . . . . . . . . . . . . . . . . M Guard 2 | . . . . . . . . . . . . . . . . . . . . . . . . . . . . . . . . . . . . . . . 2 . Enhanced Grunt 1 | . . . . . . . . . . . . . . . . . . . . . . . . . . . . . . . . . . . . . . . . 1 Packrat 3 | . . . . . . . . . 3 . . . . . . . . . . . . . . . . . . . . . . . . . . . . . . . Samaritan 2 | . . . . . . . . . 2 . . . . . . . . . . . . . . . . . . . . . . . . . . . . . . . Wasp 2 | . . . . . . . . . . . . . . . . . . . . . . . . . . . . 2 . . . . . . . . . . . . Best Kill Streak 8 | 3 6 1 . 1 8 2 1 . . . . 3 . 2 1 3 . 8 2 . 1 1 . 1 . 2 . 4 . . . 4 3 1 1 3 1 4 5 1 Combat Bots Only 6 | . 3 . . . 6 1 . . . . . 3 . . . 3 . . 1 . . 1 . 1 . 2 . 1 . . . 4 3 . 1 2 . 4 3 1 Max Kills in Single Turn 9 | 1 1 1 . 1 6 1 1 . 1 . 1 2 . 1 1 1 . 9 1 . 1 1 . 1 . 1 . 1 . . . 1 1 1 1 1 1 1 1 1 Gunslinging . | . . . . . . . . . . . . . . . . . . . . . . . . . . . . . . . . . . . . . . . . . Exploded 4 | . 1 . . . 4 . . . . . . 2 . . . 1 . . . . . . . . . . . . . . . . . . . . . . . 1 Melee 1 | . . . . . . 1 . . . . . 1 . . . . . . 1 . . 1 . . . 1 . 1 . . . 1 1 . 1 1 . 1 1 1 Uniques/NPCs Destroyed 4 | . . . . . . . . . . . 1 . . . . . . . . . . . . . . . . . . . . . . . . . . . 2 1 Data Miner (-6/Proximity Caves) MAIN.C Shell (-1/Command) MAIN.C (-1/Command) A8 (-1/Access_0) Combat | -11 -10 -10 -10 -9 -8 -8 -7 -7 -7 -7 -6 -6 -6 -6 -6 -6 -6 -6 -5 -5 -5 -5 -5 -5 -4 -4 -4 -4 -4 -4 -4 -3 -3 -3 -3 -2 -2 -1 -1 -1 -------- Run | Scr Mat Min Exi Min Mat Sto Fac Low Low Dat Pro Fac Was Fac Ext Cet Arc Hub Fac Was Fac Upp Upp War Pro Fac Was Fac Upp Upp Zhi Pro Res Qua Sec Res Tes Acc Com Ac0 Damage Taken 12434 | . 997 . . . 121 135 68 295 . . . 245 . 78 260 55 24 258 49 . 43 182 . 79 33 220 . 80 47 . . 487 274 58 1309 122 572 156 2544 3643 Core 3147 | . 167 . . . 14 53 14 32 . . . 107 . . 62 . . 79 . . 24 68 . 13 . 61 . . . . . 90 28 42 782 29 423 76 297 686 Absorbed by Shields 4027 | . . . . . . . . . . . . . . . 38 52 . . . . . . . . . . . . . . . . . . . . 57 88 1697 2095 Core Remaining (%) 69 | 100 . . . 33 . 87 . . . . 93 . . . . . . 70 . . . . . . 89 . . . . . . 86 . . 59 . 68 . . 13 Volleys Fired 288 | 8 74 5 . 3 34 2 . . . 1 . 6 . 23 18 5 . 9 13 . 9 2 . 7 8 11 . 22 . . . . . 7 7 . . . 7 7 Largest 2 | 2 2 2 . 2 2 1 . . . 1 . 1 . 1 1 1 . 1 1 . 1 1 . 1 1 1 . 1 . . . . . 1 1 . . . 1 1 Hottest 113 | 40 63 63 . 46 78 23 . . . . . 30 . 90 90 90 . 90 90 . 98 98 . 98 98 98 . 98 . . . . . 98 113 . . . 50 . Shots Fired 394 | 16 138 10 . 5 61 2 . . . 1 . 6 . 23 18 5 . 9 13 . 9 2 . 7 8 11 . 22 . . . . . 7 7 . . . 7 7 Gun 224 | 16 138 10 . 4 54 2 . . . . . . . . . . . . . . . . . . . . . . . . . . . . . . . . . . Cannon 130 | . . . . . . . . . . . . . . 23 18 2 . 9 13 . 9 2 . 1 8 10 . 22 . . . . . 7 6 . . . . . Launcher 33 | . . . . 1 7 . . . . . . 6 . . . 3 . . . . . . . 6 . . . . . . . . . . . . . . 3 7 Special 7 | . . . . . . . . . . 1 . . . . . . . . . . . . . . . 1 . . . . . . . . 1 . . . 4 . Kinetic 185 | 16 105 5 . 4 53 2 . . . . . . . . . . . . . . . . . . . . . . . . . . . . . . . . . . Thermal 131 | . . . . . 1 . . . . . . . . 23 18 2 . 9 13 . 9 2 . 1 8 10 . 22 . . . . . 7 6 . . . . . Explosive 24 | . . . . 1 7 . . . . . . 6 . . . . . . . . . . . . . . . . . . . . . . . . . . 3 7 Electromagnetic 47 | . 33 5 . . . . . . . . . . . . . 3 . . . . . . . 6 . . . . . . . . . . . . . . . . Robot Hit Streak 17 | 10 6 2 . 1 10 11 . . . 1 . 1 . . 2 6 . . . . . . . 4 . 5 . . . . . . . . 6 . . . 13 17 Robot Miss Streak 3 | 1 3 2 . 1 3 1 . . . . . 2 . . . 1 . . . . . . . 1 . . . . . . . . . . . . . . . . Penetration Max . | . . . . . . . . . . . . . . . . . . . . . . . . . . . . . . . . . . . . . . . . . Secondary Targets 3 | . 3 . . . . . . . . . . . . . . . . . . . . . . . . . . . . . . . . . . . . . . . Max Gunslinging Chain 1 | . 1 . . . . . . . . . . . . . . . . . . . . . . . . . . . . . . . . . . . . . . . Shots Hit Robots 470 | 12 82 4 . 1 33 10 1 . 5 1 2 9 . 6 10 4 . 9 3 . 2 2 . 6 . 22 . 22 . . . 12 7 7 11 15 4 19 118 31 Core Hits 267 | 6 28 3 . 3 35 6 . . 3 . . 10 . 4 2 7 . 19 3 . 1 1 . 7 . 5 . 9 . . . 6 4 3 5 10 2 8 48 29 Critical Kills 2 | . . . . . 2 . . . . . . . . . . . . . . . . . . . . . . . . . . . . . . . . . . . Critical Parts Destroyed . | . . . . . . . . . . . . . . . . . . . . . . . . . . . . . . . . . . . . . . . . . Critical Strikes 11 | . . . . . 2 . . . . . . . . . 1 . . 1 . . . 1 . . . . . 1 . . . . . . . 1 . 1 1 2 Destroy 2 | . . . . . 2 . . . . . . . . . . . . . . . . . . . . . . . . . . . . . . . . . . . Sever 7 | . . . . . . . . . . . . . . . 1 . . 1 . . . 1 . . . . . 1 . . . . . . . 1 . 1 . 1 Puncture 2 | . . . . . . . . . . . . . . . . . . . . . . . . . . . . . . . . . . . . . . . 1 1 Melee Attacks 564 | . . . . . 8 20 2 1 7 . 2 19 . 30 19 . . 12 13 . 16 3 . 1 . 33 . 33 . . . 13 15 12 43 29 24 38 130 41 Impact . | . . . . . . . . . . . . . . . . . . . . . . . . . . . . . . . . . . . . . . . . . Slashing 345 | . . . . . 8 20 2 1 7 . 2 19 . 30 19 . . 12 13 . 16 3 . 1 . 33 . 33 . . . 13 15 12 11 12 18 24 21 . Piercing 219 | . . . . . . . . . . . . . . . . . . . . . . . . . . . . . . . . . . . 32 17 6 14 109 41 Sneak Attacks 45 | . . . . . . 4 1 . 5 . 2 1 . 4 1 . . 3 2 . 1 . . . . 2 . 5 . . . 1 . 3 1 4 . 1 4 . Combat Hostiles 5 | . . . . . . . . . . . . 1 . . 1 . . . 1 . . . . . . . . . . . . 1 . . . . . . 1 . Follow-up Attacks 78 | . . . . . . . . . . . . . . . . . . . . . . . . . . . . . . . . . . . . 4 . 6 53 15 Damage Inflicted 28303 | 109 873 55 . 50 1663 929 165 . 808 . 302 999 . 687 564 541 . 2299 373 . 171 94 . 422 . 1315 . 1726 . . . 772 404 738 735 1371 539 1175 5976 2448 Guns 1416 | 109 747 55 . 36 456 13 . . . . . . . . . . . . . . . . . . . . . . . . . . . . . . . . . . Cannons 593 | . . . . . . . . . . . . . . . 30 31 . . . . . . . 33 . . . . . . . . . . . . . . 149 350 Explosions 5454 | . 118 . . 14 1068 . . . . . . 612 . . . 510 . 1583 . . . . . 321 . . . . . . . . . . . . . . 93 1135 Melee 20813 | . . . . . 120 916 165 . 808 . 302 387 . 687 534 . . 716 373 . 171 94 . 68 . 1315 . 1726 . . . 772 404 738 735 1371 539 1175 5734 963 Ramming 27 | . 8 . . . 19 . . . . . . . . . . . . . . . . . . . . . . . . . . . . . . . . . . . Kinetic 1190 | 109 566 30 . 36 436 13 . . . . . . . . . . . . . . . . . . . . . . . . . . . . . . . . . . Thermal 485 | . 118 . . . 20 . . . . . . . . . 30 284 . . . . . . . 33 . . . . . . . . . . . . . . . . Explosive 2922 | . . . . 14 1068 . . . . . . 612 . . . . . . . . . . . . . . . . . . . . . . . . . . 93 1135 Electromagnetic 2367 | . 181 25 . . . . . . . . . . . . . 257 . 1583 . . . . . 321 . . . . . . . . . . . . . . . . Impact . | . . . . . . . . . . . . . . . . . . . . . . . . . . . . . . . . . . . . . . . . . Slashing 14549 | . . . . . 120 916 165 . 808 . 302 387 . 687 534 . . 716 373 . 171 94 . 68 . 1315 . 1726 . . . 772 404 738 377 946 539 843 1198 350 Piercing 6763 | . . . . . . . . . . . . . . . . . . . . . . . . . . . . . . . . . . . 358 425 . 332 4685 963 Highest Corruption 6 | . . . . . . . . . . . . 1 6 6 . . . 1 . . . . . . . 5 5 . . . . 1 . . . . . . . . Average Corruption 3 | . . . . . . . . . . . . 1 3 5 . . . 1 . . . . . . . 1 2 . . . . 1 . . . . . . . . Corruption Purged 11 | . . . . . . . . . . . . . . 6 . . . . . . . . . . . . 5 . . . . . . . . . . . . . Effects 29 | . . . . . . . . . . . . 2 . 22 . . . . . . . . . . . 2 3 . . . . . . . . . . . . . Message Errors 6 | . . . . . . . . . . . . . . 4 . . . . . . . . . . . 2 . . . . . . . . . . . . . . Matter Fused 5 | . . . . . . . . . . . . . . 5 . . . . . . . . . . . . . . . . . . . . . . . . . . Heat Flow Errors 5 | . . . . . . . . . . . . . . 5 . . . . . . . . . . . . . . . . . . . . . . . . . . Energy Discharges 8 | . . . . . . . . . . . . 2 . 4 . . . . . . . . . . . . 2 . . . . . . . . . . . . . Parts Rejected 1 | . . . . . . . . . . . . . . 1 . . . . . . . . . . . . . . . . . . . . . . . . . . Data Loss (minor) 4 | . . . . . . . . . . . . . . 3 . . . . . . . . . . . . 1 . . . . . . . . . . . . . Overload Shots . | . . . . . . . . . . . . . . . . . . . . . . . . . . . . . . . . . . . . . . . . . Overflow Damage 3329 | . 9 . . . 50 193 125 . 246 . 122 142 . 240 44 . . 120 . . 86 . . 10 . 183 . 358 . . . 115 26 348 103 331 44 60 345 29 Projectiles . | . . . . . . . . . . . . . . . . . . . . . . . . . . . . . . . . . . . . . . . . . Explosions 141 | . 9 . . . 5 . . . . . . 26 . . . . . 72 . . . . . . . . . . . . . . . . . . . . . 29 Melee 3188 | . . . . . 45 193 125 . 246 . 122 116 . 240 44 . . 48 . . 86 . . 10 . 183 . 358 . . . 115 26 348 103 331 44 60 345 . Knockbacks . | . . . . . . . . . . . . . . . . . . . . . . . . . . . . . . . . . . . . . . . . . Impact . | . . . . . . . . . . . . . . . . . . . . . . . . . . . . . . . . . . . . . . . . . Kinetic . | . . . . . . . . . . . . . . . . . . . . . . . . . . . . . . . . . . . . . . . . . Secondary . | . . . . . . . . . . . . . . . . . . . . . . . . . . . . . . . . . . . . . . . . . Self-Inflicted Damage 140 | . . . . . . . . . . . . 38 . . . . . 102 . . . . . . . . . . . . . . . . . . . . . . Shots 2 | . . . . . . . . . . . . 1 . . . . . 1 . . . . . . . . . . . . . . . . . . . . . . Rammed 4 | . 2 . . . 2 . . . . . . . . . . . . . . . . . . . . . . . . . . . . . . . . . . . Targets Rammed 4 | . 2 . . . 2 . . . . . . . . . . . . . . . . . . . . . . . . . . . . . . . . . . . Kicked . | . . . . . . . . . . . . . . . . . . . . . . . . . . . . . . . . . . . . . . . . . Crushed . | . . . . . . . . . . . . . . . . . . . . . . . . . . . . . . . . . . . . . . . . . Highest Temperature 262 | . 228 18 . 2 33 . . 12 . . . . . 262 210 48 . 214 81 . 190 258 . 50 182 222 . 204 6 . . 75 92 5 251 . . . 28 . Average Temperature 61 | . 78 10 . 1 14 . . 7 . . . . . 91 70 25 . 78 32 . 86 92 . 20 82 101 . 78 4 . . 29 33 5 39 . . . 12 . Received Heat Transfer 1257 | . 420 . . . 63 9 12 27 . . . . . 9 94 . . 30 9 . 9 27 . 27 . . . . 9 . . . 57 9 39 9 . 4 71 323 Effects 1 | . 1 . . . . . . . . . . . . . . . . . . . . . . . . . . . . . . . . . . . . . . . Interference 1 | . 1 . . . . . . . . . . . . . . . . . . . . . . . . . . . . . . . . . . . . . . . Siege Activations . | . . . . . . . . . . . . . . . . . . . . . . . . . . . . . . . . . . . . . . . . . Robots Corrupted 2 | . . . . . . . . . . . . . . . . 2 . . . . . . . . . . . . . . . . . . . . . . . . Combat Hostiles 2 | . . . . . . . . . . . . . . . . 2 . . . . . . . . . . . . . . . . . . . . . . . . Parts Fried 4 | . . . . . . . . . . . . . . . . 2 . 2 . . . . . . . . . . . . . . . . . . . . . . Impact Corruptions . | . . . . . . . . . . . . . . . . . . . . . . . . . . . . . . . . . . . . . . . . . Robots Melted . | . . . . . . . . . . . . . . . . . . . . . . . . . . . . . . . . . . . . . . . . . Combat Hostiles . | . . . . . . . . . . . . . . . . . . . . . . . . . . . . . . . . . . . . . . . . . Parts Melted . | . . . . . . . . . . . . . . . . . . . . . . . . . . . . . . . . . . . . . . . . . Heat Transferred 487 | . 150 . . . 37 . . . . . . . . . 50 200 . . . . . . . 50 . . . . . . . . . . . . . . . . Parts Sabotaged 4 | . . . . . . . . . . . . . . . . . . . . . . . . . . . . . . . . . . . 4 . . . . . Parts Stolen . | . . . . . . . . . . . . . . . . . . . . . . . . . . . . . . . . . . . . . . . . . Parts Stripped . | . . . . . . . . . . . . . . . . . . . . . . . . . . . . . . . . . . . . . . . . . Power Chain Reactions 4 | . 2 . . . . . . . . . . . . . . 1 . 1 . . . . . . . . . . . . . . . . . . . . . . Missiles Intercepted . | . . . . . . . . . . . . . . . . . . . . . . . . . . . . . . . . . . . . . . . . . Alert | -11 -10 -10 -10 -9 -8 -8 -7 -7 -7 -7 -6 -6 -6 -6 -6 -6 -6 -6 -5 -5 -5 -5 -5 -5 -4 -4 -4 -4 -4 -4 -4 -3 -3 -3 -3 -2 -2 -1 -1 -1 ------- Run | Scr Mat Min Exi Min Mat Sto Fac Low Low Dat Pro Fac Was Fac Ext Cet Arc Hub Fac Was Fac Upp Upp War Pro Fac Was Fac Upp Upp Zhi Pro Res Qua Sec Res Tes Acc Com Ac0 Peak Influence 1029 | 15 247 30 . 5 385 419 222 . . . . 285 35 473 299 403 279 1029 656 115 669 . . . . 104 36 583 . . . . 360 386 597 603 437 554 558 . Initial 504 | . 9 25 . . . 13 190 . . . . . 35 24 231 70 161 97 504 18 . . . . . 37 36 25 . . . . 104 202 216 249 191 17 300 . Average 203 | 4 116 15 . 2 149 205 202 . . . . 88 35 65 214 211 221 378 321 34 260 . . . . 49 36 121 . . . . 170 298 309 433 326 234 429 . Maximum Alert Level 3 | . 1 . . . 1 2 1 . . . . 1 . 2 1 2 1 3 2 . 2 . . . . . . 2 . . . . 1 1 2 2 2 2 2 . Low Security (%) 33 | 100 95 100 . 100 63 55 46 . . . . 88 100 93 30 67 40 7 50 100 49 . . . . 100 100 94 . . . . 58 . 17 . 8 53 . . Level 1 16 | . 4 . . . 36 42 53 . . . . 11 . . 69 6 59 70 17 . 35 . . . . . . . . . . . 41 100 66 36 62 24 2 . Level 2 49 | . . . . . . 2 . . . . . . . 6 . 26 . 20 32 . 15 . . . . . . 5 . . . . . . 15 63 29 22 97 . Level 3 . | . . . . . . . . . . . . . . . . . . 2 . . . . . . . . . . . . . . . . . . . . . . Level 4 . | . . . . . . . . . . . . . . . . . . . . . . . . . . . . . . . . . . . . . . . . . Level 5 . | . . . . . . . . . . . . . . . . . . . . . . . . . . . . . . . . . . . . . . . . . High Security . | . . . . . . . . . . . . . . . . . . . . . . . . . . . . . . . . . . . . . . . . . Max Security . | . . . . . . . . . . . . . . . . . . . . . . . . . . . . . . . . . . . . . . . . . Squads Dispatched 52 | . 3 . . 1 2 2 . . . . . 1 . 2 . . . 7 1 . 1 . . . . 6 . 1 . . . . 2 . 9 1 8 1 4 . Investigation 7 | . 2 . . 1 . . . . . . . . . . . . . . . . . . . . . 1 . . . . . . . . . . 3 . . . Extermination 10 | . . . . . . . . . . . . 1 . . . . . 1 . . 1 . . . . 2 . 1 . . . . . . 2 . . 1 1 . Reinforcement 27 | . 1 . . . 2 2 . . . . . . . 2 . . . 3 1 . . . . . . 3 . . . . . . 2 . 5 1 4 . 1 . Assault 7 | . . . . . . . . . . . . . . . . . . 2 . . . . . . . . . . . . . . . . 2 . 1 . 2 . Garrison 1 | . . . . . . . . . . . . . . . . . . 1 . . . . . . . . . . . . . . . . . . . . . . Intercept . | . . . . . . . . . . . . . . . . . . . . . . . . . . . . . . . . . . . . . . . . . Construction Impeded . | . . . . . . . . . . . . . . . . . . . . . . . . . . . . . . . . . . . . . . . . . Haulers Reinforced 3 | . . . . . . . . . . . . . . . . . . 1 . . . . . . . 2 . . . . . . . . . . . . . . Active Scanning Responses . | . . . . . . . . . . . . . . . . . . . . . . . . . . . . . . . . . . . . . . . . . Cargo Convoy Interrupts . | . . . . . . . . . . . . . . . . . . . . . . . . . . . . . . . . . . . . . . . . . Stealth | -11 -10 -10 -10 -9 -8 -8 -7 -7 -7 -7 -6 -6 -6 -6 -6 -6 -6 -6 -5 -5 -5 -5 -5 -5 -4 -4 -4 -4 -4 -4 -4 -3 -3 -3 -3 -2 -2 -1 -1 -1 --------- Run | Scr Mat Min Exi Min Mat Sto Fac Low Low Dat Pro Fac Was Fac Ext Cet Arc Hub Fac Was Fac Upp Upp War Pro Fac Was Fac Upp Upp Zhi Pro Res Qua Sec Res Tes Acc Com Ac0 Distress Signals 51 | . 1 . . . 2 . . . . . . . . 2 2 1 . 2 . . 2 . . . . 1 . . . . . . 3 1 4 4 . . 26 . Communications Jammed . | . . . . . . . . . . . . . . . . . . . . . . . . . . . . . . . . . . . . . . . . . Distress Signals . | . . . . . . . . . . . . . . . . . . . . . . . . . . . . . . . . . . . . . . . . . Times Spotted 474 | . 19 . . 1 23 18 3 12 4 . . 16 4 12 16 17 4 19 5 5 18 11 4 23 9 8 . 11 3 . . 8 19 8 59 16 14 9 48 28 Peak Tracking Total 19 | . 5 . . 1 5 12 4 5 5 . . 6 4 4 6 6 2 18 2 4 7 9 4 13 10 6 . 2 3 . . 4 16 3 9 7 6 5 10 19 Tactical Retreats 71 | . 3 . . . . 1 . 5 . . . 3 . 4 3 . . 1 1 . 5 3 . 5 1 . . . 2 . . 2 1 . 15 6 3 1 3 3 Traps | -11 -10 -10 -10 -9 -8 -8 -7 -7 -7 -7 -6 -6 -6 -6 -6 -6 -6 -6 -5 -5 -5 -5 -5 -5 -4 -4 -4 -4 -4 -4 -4 -3 -3 -3 -3 -2 -2 -1 -1 -1 ------- Run | Scr Mat Min Exi Min Mat Sto Fac Low Low Dat Pro Fac Was Fac Ext Cet Arc Hub Fac Was Fac Upp Upp War Pro Fac Was Fac Upp Upp Zhi Pro Res Qua Sec Res Tes Acc Com Ac0 Traps Triggered 27 | . . . . . . . . . . . . 1 . 1 1 . . 1 1 . . . . . . 3 . 2 . . . . . . . . . . 17 . Indirectly 1 | . . . . . . . . . . . . . . . . . . 1 . . . . . . . . . . . . . . . . . . . . . . Trap Hack Attempts . | . . . . . . . . . . . . . . . . . . . . . . . . . . . . . . . . . . . . . . . . . Triggered . | . . . . . . . . . . . . . . . . . . . . . . . . . . . . . . . . . . . . . . . . . Disarmed . | . . . . . . . . . . . . . . . . . . . . . . . . . . . . . . . . . . . . . . . . . Reprogrammed . | . . . . . . . . . . . . . . . . . . . . . . . . . . . . . . . . . . . . . . . . . Reused . | . . . . . . . . . . . . . . . . . . . . . . . . . . . . . . . . . . . . . . . . . Traps Extracted . | . . . . . . . . . . . . . . . . . . . . . . . . . . . . . . . . . . . . . . . . . Installed . | . . . . . . . . . . . . . . . . . . . . . . . . . . . . . . . . . . . . . . . . . Triggered 11 | . . . . . . . . . . . . . . . . . . . . . . 1 . 9 . . . . . . . 1 . . . . . . . . Machines | -11 -10 -10 -10 -9 -8 -8 -7 -7 -7 -7 -6 -6 -6 -6 -6 -6 -6 -6 -5 -5 -5 -5 -5 -5 -4 -4 -4 -4 -4 -4 -4 -3 -3 -3 -3 -2 -2 -1 -1 -1 ---------- Run | Scr Mat Min Exi Min Mat Sto Fac Low Low Dat Pro Fac Was Fac Ext Cet Arc Hub Fac Was Fac Upp Upp War Pro Fac Was Fac Upp Upp Zhi Pro Res Qua Sec Res Tes Acc Com Ac0 Machines Disabled 33 | . . . . . . 1 . . . . . . . . 1 2 1 10 . . . . . . . . . 1 . . . . . 3 8 . 4 . 1 1 Max in Single Turn 10 | . . . . . . 1 . . . . . . . . . . . 10 . . . . . . . . . 1 . . . . . 1 1 . 1 . 1 1 Garrison Access 13 | . . . . . . . 1 . . . . . . 1 . . . 1 1 . 2 . . . . 1 . 2 . . . . . 1 1 1 1 . . . Network Hub 1 | . . . . . . . . . . . . . . . . . . 1 . . . . . . . . . . . . . . . . . . . . . . Machines Sabotaged . | . . . . . . . . . . . . . . . . . . . . . . . . . . . . . . . . . . . . . . . . . Garrisons Compromised . | . . . . . . . . . . . . . . . . . . . . . . . . . . . . . . . . . . . . . . . . . Overloaded Fab Kills . | . . . . . . . . . . . . . . . . . . . . . . . . . . . . . . . . . . . . . . . . . Fab Network Shutdowns 5 | . . . . . . . . . . . . . . 1 . . . . 1 . 1 . . . . . . 1 . . . . . . . . . 1 . . Hacking | -11 -10 -10 -10 -9 -8 -8 -7 -7 -7 -7 -6 -6 -6 -6 -6 -6 -6 -6 -5 -5 -5 -5 -5 -5 -4 -4 -4 -4 -4 -4 -4 -3 -3 -3 -3 -2 -2 -1 -1 -1 --------- Run | Scr Mat Min Exi Min Mat Sto Fac Low Low Dat Pro Fac Was Fac Ext Cet Arc Hub Fac Was Fac Upp Upp War Pro Fac Was Fac Upp Upp Zhi Pro Res Qua Sec Res Tes Acc Com Ac0 Machines Accessed 185 | . 8 . 2 2 6 2 2 . . 4 . 8 . 20 11 2 . 5 14 . 12 1 . 5 1 10 . 19 3 . 1 . 3 8 13 3 10 6 4 . Terminals 119 | . 7 . . . 5 2 1 . . . . 4 . 12 11 2 . 5 9 . 7 . . . 1 5 . 12 . . . . 3 6 10 2 7 5 3 . Fabricators 20 | . . . . . . . . . . . . 2 . 4 . . . . 2 . 2 . . . . 3 . 3 . . . . . . . 1 2 1 . . Repair Stations 10 | . . . . . 1 . . . . . . 1 . 2 . . . . 1 . . . . . . 1 . 1 . . . . . 1 1 . . . 1 . Recycling Units 1 | . 1 . . . . . . . . . . . . . . . . . . . . . . . . . . . . . . . . . . . . . . . Scanalyzers 6 | . . . . . . . . . . . . 1 . 1 . . . . 1 . 1 . . . . . . 1 . . . . . . 1 . . . . . Garrison Access 11 | . . . . . . . 1 . . . . . . 1 . . . . 1 . 2 . . . . 1 . 2 . . . . . 1 1 . 1 . . . Total Hacks 728 | . 29 . 2 2 19 5 5 . . 19 . 42 . 79 36 3 . 31 72 . 55 1 . 6 1 49 . 74 4 . 1 . 16 43 53 10 37 19 15 . Successful 532 | . 15 . 2 2 14 2 3 . . 19 . 31 . 71 26 3 . 20 55 . 43 1 . 6 1 41 . 63 4 . 1 . 8 18 33 6 28 11 5 . Failed 193 | . 13 . . . 4 3 2 . . . . 11 . 8 10 . . 11 17 . 12 . . . . 7 . 11 . . . . 8 25 20 4 9 8 10 . Catastrophic 24 | . 1 . . . . 1 . . . . . . . 1 2 . . 1 1 . 2 . . . . . . 4 . . . . . 2 5 1 . 2 1 . Database Lockouts 3 | . 1 . . . 1 . . . . . . . . . . . . . . . . . . . . 1 . . . . . . . . . . . . . . Manual 323 | . 15 . 1 . 13 1 1 . . . . 18 . 42 24 1 . 17 33 . 26 . . 1 . 20 . 32 . . . . 5 18 24 3 16 5 7 . Terminals 516 | . 27 . . . 17 5 4 . . . . 26 . 49 36 3 . 31 54 . 37 . . . 1 27 . 49 . . . . 16 36 38 7 28 15 10 . Fabricators 93 | . . . . . . . . . . . . 7 . 17 . . . . 13 . 11 . . . . 15 . 15 . . . . . . . 3 8 4 . . Repair Stations 47 | . . . . . 2 . . . . . . 5 . 7 . . . . 2 . . . . . . 6 . 4 . . . . . 4 12 . . . 5 . Recycling Units 2 | . 2 . . . . . . . . . . . . . . . . . . . . . . . . . . . . . . . . . . . . . . . Scanalyzers 21 | . . . . . . . . . . . . 4 . 5 . . . . 2 . 4 . . . . . . 4 . . . . . . 2 . . . . . Garrison Access 14 | . . . . . . . 1 . . . . . . 1 . . . . 1 . 3 . . . . 1 . 2 . . . . . 3 1 . 1 . . . Terminal Hacks 246 | . 10 . 2 2 5 2 2 . . 19 . 9 . 23 12 3 . 12 21 . 18 1 . 6 1 12 . 26 4 . 1 . 5 9 14 2 18 5 2 . Record 16 | . . . 1 . . . . . . 3 . . . . . 2 . . . . . . . 4 1 1 . 1 2 . 1 . . . . . . . . . Part Schematic 35 | . . . . . . . 1 . . 8 . 3 . 6 . . . . 1 . 4 . . . . 2 . 8 . . . . . . 1 1 . . . . Robot Schematic 5 | . . . . . . . . . . 5 . . . . . . . . . . . . . . . . . . . . . . . . . . . . . . Robot Analysis 10 | . 2 . . . 1 . . . . . . . . . 1 . . 1 1 . . . . . . 1 . 1 . . . . . 1 1 . . . . . Prototype ID Bank 39 | . 3 . . . 1 . . . . 3 . 2 . 5 2 . . 4 3 . 5 . . . . 2 . 5 . . . . 1 1 . . 1 1 . . Open Door 19 | . . . . 2 . 1 . . . . . . . . 3 1 . . . . . 1 . 2 . . . . 2 . . . . 1 2 . . 3 1 . Level Access Points 1 | . . . . . . . . . . . . . . . . . . 1 . . . . . . . . . . . . . . . . . . . . . . Branch Access Points 10 | . 1 . . . . . 1 . . . . 1 . 1 . . . . 1 . 1 . . . . 2 . 1 . . . . 1 . . . . . . . Emergency Access Points 1 | . . . . . . . . . . . . . . . . . . 1 . . . . . . . . . . . . . . . . . . . . . . Machine Index 9 | . . . . . . . . . . . . 1 . 1 1 . . 1 1 . 1 . . . . 1 . 1 . . . . . . 1 . . . . . Terminal Index 9 | . 1 . . . . . . . . . . 1 . 1 1 . . . 1 . . . . . . . . . . . . . . 1 1 . 2 . . . Fabricator Index 4 | . . . . . . . . . . . . . . . . . . . . . . . . . . . . . . . . . 1 . . 1 1 1 . . Garrison Index 2 | . . . . . . . . . . . . . . . . . . . 1 . . . . . . . . . . . . . . . . . 1 . . . Alert Level 3 | . . . . . 1 . . . . . . . . . . . . . 1 . . . . . . . . 1 . . . . . . . . . . . . Unreport Threat 16 | . . . . . 1 . . . . . . . . . . . . . 5 . 2 . . . . . . 3 . . . . . . 3 . 2 . . . Locate Traps 32 | . 3 . . . 1 1 . . . . . . . 5 2 . . 1 3 . 3 . . . . . . 3 . . . . 1 5 1 . 3 . . . Recall Investigation 1 | . . . . . . . . . . . . . . . . . . . . . . . . . . . . . . . . . . . . . 1 . . . Recall Extermination 2 | . . . . . . . . . . . . . . . . . . 1 . . 1 . . . . . . . . . . . . . . . . . . . Recall Reinforcements 9 | . . . . . . . . . . . . . . 2 . . . 1 . . . . . . . 2 . . . . . . 1 . 2 . 1 . . . Hauler Manifests 6 | . . . . . . . . . . . . 1 . . . . . . 2 . . . . . . 1 . 1 . . . . . . 1 . . . . . Zone Layout 14 | . . . . . . . . . . . . . . 2 2 . . 1 1 . 1 . . . . . . 1 . . . . . . 1 . 5 . . . EX-Prototype ID Bank 1 | . . . 1 . . . . . . . . . . . . . . . . . . . . . . . . . . . . . . . . . . . . . Protovariant Controls 1 | . . . . . . . . . . . . . . . . . . . . . . . . . . . . . . . . . . . . . 1 . . . Disengage Seal 1 | . . . . . . . . . . . . . . . . . . . . . . . . . . . . . . . . . . . . . . . 1 . Fabricator Hacks 60 | . . . . . . . . . . . . 6 . 11 . . . . 8 . 7 . . . . 8 . 10 . . . . . . . 2 4 4 . . Network Status 2 | . . . . . . . . . . . . . . 1 . . . . . . . . . . . . . 1 . . . . . . . . . . . . Load Schematic 27 | . . . . . . . . . . . . 2 . 4 . . . . 3 . 4 . . . . 4 . 5 . . . . . . . 1 2 2 . . Build 31 | . . . . . . . . . . . . 4 . 6 . . . . 5 . 3 . . . . 4 . 4 . . . . . . . 1 2 2 . . Repair Station Hacks 35 | . . . . . 2 . . . . . . 3 . 6 . . . . 2 . . . . . . 6 . 4 . . . . . 1 10 . . . 1 . Scan Component 19 | . . . . . 1 . . . . . . 2 . 3 . . . . 1 . . . . . . 3 . 2 . . . . . 1 5 . . . 1 . Repair 16 | . . . . . 1 . . . . . . 1 . 3 . . . . 1 . . . . . . 3 . 2 . . . . . . 5 . . . . . Recycling Unit Hacks . | . . . . . . . . . . . . . . . . . . . . . . . . . . . . . . . . . . . . . . . . . Scanalyzer 20 | . . . . . . . . . . . . 4 . 5 . . . . 2 . 3 . . . . . . 4 . . . . . . 2 . . . . . Insert Component 10 | . . . . . . . . . . . . 2 . 2 . . . . 1 . 1 . . . . . . 2 . . . . . . 2 . . . . . Analyze 10 | . . . . . . . . . . . . 2 . 3 . . . . 1 . 2 . . . . . . 2 . . . . . . . . . . . . Garrison Access Hacks 11 | . . . . . . . 1 . . . . . . 1 . . . . 1 . 2 . . . . 1 . 2 . . . . . 1 1 . 1 . . . Seal Access 11 | . . . . . . . 1 . . . . . . 1 . . . . 1 . 2 . . . . 1 . 2 . . . . . 1 1 . 1 . . . Unauthorized Hacks 160 | . 5 . . . 7 . . . . . . 9 . 25 14 . . 8 21 . 13 . . . . 14 . 17 . . . . 3 7 6 2 5 2 2 . Terminals 133 | . 4 . . . 7 . . . . . . 9 . 19 14 . . 8 16 . 9 . . . . 9 . 12 . . . . 3 7 6 2 4 2 2 . Track 46 | . 2 . . . 4 . . . . . . 3 . 8 3 . . 3 5 . 3 . . . . 3 . 3 . . . . 1 2 2 . 2 1 1 . Assimilate 27 | . . . . . 1 . . . . . . 1 . 4 5 . . 2 3 . 1 . . . . . . 5 . . . . 1 1 2 1 . . . . Botnet 41 | . 1 . . . . . . . . . . 4 . 6 4 . . 2 4 . 2 . . . . 3 . 4 . . . . 1 3 2 1 2 1 1 . Disrupt 11 | . . . . . 1 . . . . . . . . . 2 . . 1 3 . 2 . . . . 2 . . . . . . . . . . . . . . Operators 8 | . 1 . . . 1 . . . . . . 1 . 1 . . . . 1 . 1 . . . . 1 . . . . . . . 1 . . . . . . Fabricators 26 | . . . . . . . . . . . . . . 6 . . . . 5 . 4 . . . . 5 . 5 . . . . . . . . 1 . . . Report 3 | . . . . . . . . . . . . . . 1 . . . . 1 . . . . . . . . . . . . . . . . . 1 . . . Prioritize 9 | . . . . . . . . . . . . . . 1 . . . . 2 . 2 . . . . 2 . 2 . . . . . . . . . . . . Siphon 14 | . . . . . . . . . . . . . . 4 . . . . 2 . 2 . . . . 3 . 3 . . . . . . . . . . . . Repair Stations . | . . . . . . . . . . . . . . . . . . . . . . . . . . . . . . . . . . . . . . . . . Recycling Units 1 | . 1 . . . . . . . . . . . . . . . . . . . . . . . . . . . . . . . . . . . . . . . Tunnel 1 | . 1 . . . . . . . . . . . . . . . . . . . . . . . . . . . . . . . . . . . . . . . Scanalyzers . | . . . . . . . . . . . . . . . . . . . . . . . . . . . . . . . . . . . . . . . . . Garrison Access . | . . . . . . . . . . . . . . . . . . . . . . . . . . . . . . . . . . . . . . . . . Data Cores Recovered . | . . . . . . . . . . . . . . . . . . . . . . . . . . . . . . . . . . . . . . . . . Used . | . . . . . . . . . . . . . . . . . . . . . . . . . . . . . . . . . . . . . . . . . Hacking Detections 106 | . 7 . . . 4 1 1 . . . . 6 . 13 6 1 . 5 8 . 4 . . . . 5 . 9 . . . . 3 6 9 3 8 3 4 . Full Trace Events 2 | . 1 . . . . . . . . . . . . . . . . . . . . . . . . . . . . . . . . . . . 1 . . . Feedback Events . | . . . . . . . . . . . . . . . . . . . . . . . . . . . . . . . . . . . . . . . . . Feedback Blocked . | . . . . . . . . . . . . . . . . . . . . . . . . . . . . . . . . . . . . . . . . . Robot Schematics Acquired 5 | . . . . . . . . . . 5 . . . . . . . . . . . . . . . . . . . . . . . . . . . . . . Robots Built . | . . . . . . . . . . . . . . . . . . . . . . . . . . . . . . . . . . . . . . . . . Matter . | . . . . . . . . . . . . . . . . . . . . . . . . . . . . . . . . . . . . . . . . . Time . | . . . . . . . . . . . . . . . . . . . . . . . . . . . . . . . . . . . . . . . . . Total Robot Build Rating . | . . . . . . . . . . . . . . . . . . . . . . . . . . . . . . . . . . . . . . . . . Part Schematics Acquired 43 | . . . . . . . 1 . . 8 . 5 . 8 . . . . 2 . 5 . . . . 2 . 10 . . . . . . 1 1 . . . . Parts Built 33 | . . . . . . . . . . . . 3 . 7 . . . . 4 . 3 . . . . 5 . 4 . . . . . . . 1 4 2 . . Matter 6707 | . . . . . . . . . . . . 636 . 858 . . . . 977 . 738 . . . . 881 . 909 . . . . . . . 417 556 735 . . Time 1944 | . . . . . . . . . . . . 105 . 245 . . . . 257 . 283 . . . . 403 . 355 . . . . . . . 74 92 130 . . Total Part Build Rating 212 | . . . . . . . . . . . . 18 . 31 . . . . 25 . 19 . . . . 29 . 30 . . . . . . . 9 36 15 . . Parts Repaired 16 | . . . . . 1 . . . . . . 1 . 3 . . . . 1 . . . . . . 3 . 2 . . . . . . 5 . . . . . Time 1053 | . . . . . 108 . . . . . . 68 . 83 . . . . 68 . . . . . . 296 . 216 . . . . . . 214 . . . . . Parts Recycled . | . . . . . . . . . . . . . . . . . . . . . . . . . . . . . . . . . . . . . . . . . Recycled Matter . | . . . . . . . . . . . . . . . . . . . . . . . . . . . . . . . . . . . . . . . . . Retrieved Matter . | . . . . . . . . . . . . . . . . . . . . . . . . . . . . . . . . . . . . . . . . . Retrieved Components . | . . . . . . . . . . . . . . . . . . . . . . . . . . . . . . . . . . . . . . . . . Parts Scanalyzed 8 | . . . . . . . . . . . . 2 . 2 . . . . 1 . 1 . . . . . . 2 . . . . . . . . . . . . Part Schematics Acquired 8 | . . . . . . . . . . . . 2 . 2 . . . . 1 . 1 . . . . . . 2 . . . . . . . . . . . . Parts Damaged 1 | . . . . . . . . . . . . 1 . . . . . . . . . . . . . . . . . . . . . . . . . . . . Bothacking | -11 -10 -10 -10 -9 -8 -8 -7 -7 -7 -7 -6 -6 -6 -6 -6 -6 -6 -6 -5 -5 -5 -5 -5 -5 -4 -4 -4 -4 -4 -4 -4 -3 -3 -3 -3 -2 -2 -1 -1 -1 ------------ Run | Scr Mat Min Exi Min Mat Sto Fac Low Low Dat Pro Fac Was Fac Ext Cet Arc Hub Fac Was Fac Upp Upp War Pro Fac Was Fac Upp Upp Zhi Pro Res Qua Sec Res Tes Acc Com Ac0 Used RIF Installer . | . . . . . . . . . . . . . . . . . . . . . . . . . . . . . . . . . . . . . . . . . Robots Hacked 2 | . . . . . . . . . . . . . . . . . . . . . . . . . . 1 . . . . . . . . . . . . 1 . Non-combat 1 | . . . . . . . . . . . . . . . . . . . . . . . . . . 1 . . . . . . . . . . . . . . Combat . | . . . . . . . . . . . . . . . . . . . . . . . . . . . . . . . . . . . . . . . . . Robot Hacks Applied 1 | . . . . . . . . . . . . . . . . . . . . . . . . . . 1 . . . . . . . . . . . . . . find_chute 1 | . . . . . . . . . . . . . . . . . . . . . . . . . . 1 . . . . . . . . . . . . . . Manual 1 | . . . . . . . . . . . . . . . . . . . . . . . . . . . . . . . . . . . . . . . 1 . Relay Couplers Released 6 | . . . . . . . . . . . . . . . . . . 2 . . . . . . . . . 2 . . . . . . . 2 . . . . Machine Destruction 6 | . . . . . . . . . . . . . . . . . . 2 . . . . . . . . . 2 . . . . . . . 2 . . . . Robots Rewired 3 | . . . . . . . . . . . . . . . 3 . . . . . . . . . . . . . . . . . . . . . . . . . Allies Hacked 2 | . . . . . . . . . . . . 1 . . . . . . . . . . . . . . . . . . . . . . . . . . 1 . Hacks Repelled 1 | . . . . . . . . . . . . . . . . . . . . . . . . . . . . . . . . . . . . . . . 1 . Allies | -11 -10 -10 -10 -9 -8 -8 -7 -7 -7 -7 -6 -6 -6 -6 -6 -6 -6 -6 -5 -5 -5 -5 -5 -5 -4 -4 -4 -4 -4 -4 -4 -3 -3 -3 -3 -2 -2 -1 -1 -1 -------- Run | Scr Mat Min Exi Min Mat Sto Fac Low Low Dat Pro Fac Was Fac Ext Cet Arc Hub Fac Was Fac Upp Upp War Pro Fac Was Fac Upp Upp Zhi Pro Res Qua Sec Res Tes Acc Com Ac0 Total Allies 92 | . . . . . 1 10 . . . 1 . 1 . 4 10 6 1 2 2 20 . . . . . . 20 4 . . . . 1 1 3 1 . . 4 . Largest Group 21 | . . . . . 1 11 . . . 1 . 1 . 4 4 6 6 6 2 21 . . . . . . 20 4 . . . . 1 1 1 1 . . 3 . Highest-Rated Group 802 | . . . . . 10 183 . . . 59 . 10 . 56 252 634 634 432 52 772 . . . . . . 802 75 . . . . 45 10 224 26 . . 278 . Highest-Rated Ally 224 | . . . . . 10 29 . . . 59 . 10 . 26 159 159 159 95 26 50 . . . . . . 50 26 . . . . 45 10 224 26 . . 160 . Total Orders 22 | . . . . . . 7 . . . . . . . . 2 . 1 . 6 . . . . . . . . . . . . . . . 2 2 . . 2 . STAY 10 | . . . . . . 4 . . . . . . . . 1 . . . 3 . . . . . . . . . . . . . . . 1 1 . . . . FOLLOW 9 | . . . . . . 3 . . . . . . . . 1 . . . 3 . . . . . . . . . . . . . . . 1 1 . . . . EXPLORE 1 | . . . . . . . . . . . . . . . . . . . . . . . . . . . . . . . . . . . . . . . 1 . RETURN 2 | . . . . . . . . . . . . . . . . . 1 . . . . . . . . . . . . . . . . . . . . . 1 . Ally Attacks 377 | . . . . . . 66 . . . . . . . . 12 48 32 30 . 129 . . . . . . . 13 . . . . . . 15 . . . 32 . Total Damage 11759 | . . . . . . 801 . . . . . . . . 147 1129 827 1081 . 4951 . . . . . . . 112 . . . . . . 1550 . . . 1161 . Kills 52 | . . . . . . 12 . . . . . . . . . 6 4 6 . 9 . . . . . . . . . . . . . . 5 . . . 10 . Allies Corrupted 1 | . . . . . . . . . . . . . . . . . . . . . . . . . . . . . . . . . . . . . . . 1 . Allies Melted 1 | . . . . . . . . . . . . . . . . . . . . . . . . . . . . . . . . . . . . . . . 1 . Field Lobotomies 5 | . . . . . . . . . . 1 . . . . . . . . . . . . . . . . . . . . . . . . 1 . . . 3 . Intel | -11 -10 -10 -10 -9 -8 -8 -7 -7 -7 -7 -6 -6 -6 -6 -6 -6 -6 -6 -5 -5 -5 -5 -5 -5 -4 -4 -4 -4 -4 -4 -4 -3 -3 -3 -3 -2 -2 -1 -1 -1 ------- Run | Scr Mat Min Exi Min Mat Sto Fac Low Low Dat Pro Fac Was Fac Ext Cet Arc Hub Fac Was Fac Upp Upp War Pro Fac Was Fac Upp Upp Zhi Pro Res Qua Sec Res Tes Acc Com Ac0 Robot Analysis Total 10 | . 2 . . . 1 . . . . . . . . . 1 . . 1 1 . . . . . . 1 . 1 . . . . . 1 1 . . . . . Derelict Logs Recovered 15 | . . 2 . 3 . . . 1 2 . 2 . . . . . . . . . . 1 . . 1 . . . 1 2 . . . . . . . . . . Drone Launches 38 | . . . . . . . . . . . . . . . . 16 13 . . . . . . . . . . . . . . . . . . . . . 9 . Drone Recoveries 31 | . . . . . . . . . . . . . . . . 15 11 . . . . . . . . . . . . . . . . . . . . . 5 . Exploration | -11 -10 -10 -10 -9 -8 -8 -7 -7 -7 -7 -6 -6 -6 -6 -6 -6 -6 -6 -5 -5 -5 -5 -5 -5 -4 -4 -4 -4 -4 -4 -4 -3 -3 -3 -3 -2 -2 -1 -1 -1 ------------- Run | Scr Mat Min Exi Min Mat Sto Fac Low Low Dat Pro Fac Was Fac Ext Cet Arc Hub Fac Was Fac Upp Upp War Pro Fac Was Fac Upp Upp Zhi Pro Res Qua Sec Res Tes Acc Com Ac0 Turns Passed 26983 | 88 804 914 548 640 834 373 89 216 244 40 79 459 26 968 569 224 111 375 900 110 419 141 93 560 113 723 218 831 110 83 36 238 153 373 1229 1145 482 560 10537 328 Spaces Moved 30677 | 60 439 491 337 384 334 367 269 596 627 93 282 1018 82 1845 540 180 64 833 1642 316 990 409 330 1035 335 1460 212 1849 521 396 139 360 313 797 2039 2469 1039 707 4106 372 Core 451 | 3 . . . . . . . . . . . . . . . . . . . . . . . . . . . . . . . . . . . . . . 448 . Treads 1786 | . 201 491 337 384 334 39 . . . . . . . . . . . . . . . . . . . . . . . . . . . . . . . . . . Legs . | . . . . . . . . . . . . . . . . . . . . . . . . . . . . . . . . . . . . . . . . . Wheels 295 | 57 238 . . . . . . . . . . . . . . . . . . . . . . . . . . . . . . . . . . . . . . . Hover 6509 | . . . . . . . . . . . . . . . . . . . . . . . . . . . . . . . . . . . . 783 1012 703 3652 359 Flight 21529 | . . . . . . 328 269 596 627 93 282 1018 82 1845 540 180 64 833 1642 316 990 409 330 1035 335 1460 212 1849 521 396 139 360 313 797 1984 1684 . . . . Fastest Speed 21 | 50 90 160 160 160 160 26 26 26 26 26 26 26 28 28 29 29 29 29 27 27 27 28 28 21 21 21 21 21 21 21 21 21 21 22 22 22 36 36 36 50 Average Speed 63 | 87 125 160 160 160 160 45 26 26 26 26 26 27 28 28 29 29 29 29 28 27 27 28 28 23 21 21 21 21 21 21 21 37 21 22 22 32 39 36 237 50 Slowest Speed 1800 | 90 160 160 160 160 160 166 26 26 26 26 26 29 29 32 29 29 29 29 29 27 28 28 28 28 21 25 21 26 21 21 21 95 22 22 26 240 41 36 1800 50 Overloaded Moves . | . . . . . . . . . . . . . . . . . . . . . . . . . . . . . . . . . . . . . . . . . Propulsion Burnouts . | . . . . . . . . . . . . . . . . . . . . . . . . . . . . . . . . . . . . . . . . . Robots Hopped 132 | . . . . . . 3 . . . . . 8 . 21 5 . . 9 6 . 5 1 . 2 . 14 . 21 . 1 . . 6 13 10 7 . . . . Cave-ins Triggered . | . . . . . . . . . . . . . . . . . . . . . . . . . . . . . . . . . . . . . . . . . Teleports 2 | . . . . . . . . . . . . . . . . . . . . . . . . . . . . . . . . . . . . . . . 1 1 Spacefolds 44 | . . . . . . . . . . . . . . . . . . . . . . . . . . . . . . . . . . . 23 1 11 2 2 5 Exploration Rate (%) 55 | 4 65 94 70 78 44 46 7 74 71 74 52 19 72 40 65 70 67 61 35 89 29 61 50 73 53 24 90 34 69 60 61 54 14 68 73 61 84 17 90 22 Regions Visited 40 Branch Regions 25 Pre-discovered Areas 8 | . 1 1 1 1 . . . 1 . 1 1 . . . . . . . . . . . . . 1 . . . . . . . . . . . . . . . Known Exits Taken 22 | . 1 . . . 1 1 1 . . . . . . 1 1 1 1 1 . . 1 1 1 1 1 . . 1 1 1 1 1 1 1 . 1 . . . . Unknown Exits Taken 12 | 1 . 1 1 1 . . . 1 1 1 1 . . . . . . . . . . . . . . . . . . . . . . . 1 . 1 1 1 . Scrap Searched 24 | . . 1 . 1 . . . 3 3 . 2 . . . . . . . . . . 3 2 . 1 . . . 2 2 . 4 . . . . . . . . Spaces Dug 215 | . . . . . 6 9 1 1 2 . . 10 . 34 8 . . 8 16 . 14 2 . . 5 11 . 24 . . . . 6 5 20 6 10 8 1 8 Terrain Destroyed 602 | . 11 . . 11 53 9 1 1 2 . . 46 . 47 22 18 . 181 23 . 23 2 . . 8 18 . 30 . . . . 6 8 22 6 10 8 1 35 Melee 163 | . . . . . 6 9 1 1 2 . . 10 . 24 5 . . 3 10 . 14 . . . . 8 . 11 . . . . 6 3 17 6 10 8 1 8 Projectile 117 | . . . . . . . . . . . . . . 23 17 . . 6 13 . 9 2 . . 8 10 . 19 . . . . . 5 5 . . . . . AOE 322 | . 11 . . 11 47 . . . . . . 36 . . . 18 . 172 . . . . . . . . . . . . . . . . . . . . . 27 Terrain Rammed . | . . . . . . . . . . . . . . . . . . . . . . . . . . . . . . . . . . . . . . . . . Walls Destroyed . | . . . . . . . . . . . . . . . . . . . . . . . . . . . . . . . . . . . . . . . . . Machines Disabled . | . . . . . . . . . . . . . . . . . . . . . . . . . . . . . . . . . . . . . . . . . Actions | -11 -10 -10 -10 -9 -8 -8 -7 -7 -7 -7 -6 -6 -6 -6 -6 -6 -6 -6 -5 -5 -5 -5 -5 -5 -4 -4 -4 -4 -4 -4 -4 -3 -3 -3 -3 -2 -2 -1 -1 -1 --------- Run | Scr Mat Min Exi Min Mat Sto Fac Low Low Dat Pro Fac Was Fac Ext Cet Arc Hub Fac Was Fac Upp Upp War Pro Fac Was Fac Upp Upp Zhi Pro Res Qua Sec Res Tes Acc Com Ac0 Total 37097 | 80 580 610 346 406 561 556 285 655 700 105 284 1165 84 2201 908 343 154 935 2036 340 1106 428 329 1337 368 1802 383 2210 520 394 145 457 390 974 2732 2787 1077 1001 4854 469 Wait 5048 | . 13 115 . 4 143 125 10 55 55 10 . 114 . 301 277 151 87 84 349 20 87 16 . 261 25 289 170 293 . . . 82 66 163 627 254 13 259 479 51 Move 30323 | 59 438 490 336 383 333 360 268 595 626 92 281 1002 81 1805 529 179 63 816 1631 315 979 406 329 1031 334 1433 211 1807 520 393 138 359 300 771 1988 2453 1022 704 4100 363 Hop 120 | . . . . . . 3 . . . . . 8 . 18 5 . . 7 5 . 5 1 . 1 . 13 . 20 . 1 . . 6 12 8 7 . . . . Pick Up 125 | 7 20 . 3 4 15 6 . . 1 . 1 3 1 6 2 . . 1 6 . 3 . . 3 . 5 . 2 . . 1 . . 3 9 6 1 3 11 2 Fast Attach 157 | 5 3 . . 2 . 5 1 . 4 . . 4 1 9 . 1 1 . 3 2 2 . . 13 . 6 . 8 . . 2 2 1 . 23 13 7 1 33 5 Attach 59 | 1 3 . 1 . 4 7 2 1 2 . . 1 . . 1 . . . 3 . . . . 1 . 2 . . . . . 1 1 2 8 4 . 2 6 6 Detach 18 | . 1 . . 1 . . 1 2 1 . . 1 . . . 1 . . 1 1 . . . 1 . . . . . . . . . 1 2 2 . . 2 . Swap 146 | . 10 . 3 3 16 2 . 1 . 2 . 3 . 4 5 5 2 4 6 . 1 . . 3 1 5 2 3 . . 1 . . 1 9 9 5 6 24 10 Drop 200 | . 16 . 3 6 6 26 1 . 4 . . 4 1 5 2 1 1 2 6 2 4 . . 15 . 5 . 4 . . 3 . 1 2 15 20 11 2 31 1 Fire 288 | 8 74 5 . 3 34 2 . . . 1 . 6 . 23 18 5 . 9 13 . 9 2 . 7 8 11 . 22 . . . . . 7 7 . . . 7 7 Melee 448 | . . . . . 8 20 2 1 7 . 2 19 . 30 19 . . 12 13 . 16 3 . 1 . 33 . 33 . . . 13 15 12 36 19 18 24 68 24 Ram . | . . . . . . . . . . . . . . . . . . . . . . . . . . . . . . . . . . . . . . . . . Kick . | . . . . . . . . . . . . . . . . . . . . . . . . . . . . . . . . . . . . . . . . . Crush 4 | . 2 . . . 2 . . . . . . . . . . . . . . . . . . . . . . . . . . . . . . . . . . . Escape Stasis 142 | . . . . . . . . . . . . . . . 32 . . . . . . . . . . . . 18 . . . . . . . . . . 92 . Rewire 18 | . . . . . . . . . . . . . . . 18 . . . . . . . . . . . . . . . . . . . . . . . . . Trap . | . . . . . . . . . . . . . . . . . . . . . . . . . . . . . . . . . . . . . . . . . Miscellaneous 1 | . . . . . . . . . . . . . . . . . . . . . . . . . . . . . . . . . . . . . . . 1 . Route ------- -11/Scrapyard -10/Materials (discovered 4 exits: *Mat x2 / *Min x2) -10/Mines (discovered 3 exits: *Mat x2 / *Exi) -10/Exiles -9/Mines (discovered 2 exits: *Mat x2) -8/Materials (discovered 2 exits: Fac / *Sto) -8/Storage (discovered 2 exits: *Fac / Rec) -7/Factory (discovered 3 exits: *Fac / *Low x2) -7/Lower Caves (discovered 2 exits: [*Low] / [*Zio]) -7/Lower Caves (discovered 2 exits: *Fac / *Dat) -7/Data Miner -6/Proximity Caves -6/Factory (discovered 6 exits: *Fac x2 / Low x2 / Ext x2) -6/Waste -6/Factory (discovered 6 exits: *Fac x2 / *Low x2 / *Ext x2) -6/Extension (discovered 2 exits: *Fac / *Cet) -6/Cetus -6/Archives -6/Hub_04(d) (discovered 4 exits: *Fac x4) -5/Factory (discovered 4 exits: *Fac x2 / *Upp x2) -5/Waste -5/Factory (discovered 3 exits: *Fac / *Upp x2) -5/Upper Caves -5/Upper Caves -5/Warlord -4/Proximity Caves -4/Factory (discovered 2 exits: Upp x2) -4/Waste -4/Factory (discovered 5 exits: *Res x3 / *Upp x2) -4/Upper Caves -4/Upper Caves (discovered 2 exits: *Res / *Zhi) -4/Zhirov -3/Proximity Caves -3/Research (discovered 3 exits: Arm / *Qua x2) -3/Quarantine (discovered 2 exits: *Res / *Sec) -3/Section 7 -2/Research (discovered 2 exits: *Acc / *Tes) -2/Testing -1/Access -1/Command (discovered 3 exits: [*Sur x2] / [*Ac0]) -1/Access_0 0b11 Command History --------- Turn | Location | Event 21 | -11/Scrapyard | Discovered new exit (range 15) 89 | -11/Scrapyard | Entered Materials 294 | -10/Materials | Discovered new exit (range 12) 342 | -10/Materials | Build established: Mutant 448 | -10/Materials | Core integrity fell below 50% 537 | -10/Materials | Discovered new exit (range 14) 620 | -10/Materials | Central database locked down 812 | -10/Materials | Identified exit to Mines 893 | -10/Materials | Entered Mines 901 | -10/Mines | Identified exit to Materials 919 | -10/Mines | Learned Materials trap positions 1268 | -10/Mines | Assembled infested the area 1445 | -10/Mines | Discovered exit to Materials (range 12) 1489 | -10/Mines | Discovered new exit (range 5) 1607 | -10/Mines | Learned location of Storage (-8) 1807 | -10/Mines | Entered Exiles 1846 | -10/Exiles | Met 8R-AWN 1875 | -10/Exiles | Met EX-HEX 1958 | -10/Exiles | Met EX-DEC 1987 | -10/Exiles | Learned location of Zion (-6) 2113 | -10/Exiles | Met EX-BIN 2137 | -10/Exiles | Aligned with FarCom system 2139 | -10/Exiles | Given EX-Vault access code 2175 | -10/Exiles | Opened EX-Vault 2192 | -10/Exiles | Found Field Lobotomy Kit 2198 | -10/Exiles | Found Chronowheel 2204 | -10/Exiles | Found Longsword +1 2235 | -10/Exiles | Warned to stay clear of 0b10 Research branches 2341 | -10/Exiles | Discovered new exit (range 11) 2355 | -10/Exiles | Stole three prototypes: Chronowheel, Field Lobotomy Kit, Longsword +1 2355 | -10/Exiles | Entered Mines 2389 | -9/Mines | Found a damaged Exp. Sensor Array with a note attached 2393 | -9/Mines | Found Prototype Device 2459 | -9/Mines | Found the Drone Emporium 2468 | -9/Mines | Found Prototype Device 2468 | -9/Mines | Identified Splice Drone Bay 2599 | -9/Mines | Discovered new exit (range 15) 2602 | -9/Mines | Learned 4 Materials zone layouts 2905 | -9/Mines | Met a Derelict shopkeep closing up shop 2984 | -9/Mines | Discovered new exit (range 8) 2995 | -9/Mines | Entered Materials 2995 | -8/Materials | Evolved 4 slots: Propulsion x2, Utility x2 2996 | -8/Materials | Identified exit to Factory 2996 | -8/Materials | Identified exit to Storage 2997 | -8/Materials | Loaded intel: 15 trap records 2999 | -8/Materials | Identified Exp. Sensor Array 3479 | -8/Materials | Central database locked down 3766 | -8/Materials | Repaired Exp. Sensor Array 3829 | -8/Materials | Entered Storage 3829 | -8/Storage | Accompanied by 1 ally 3830 | -8/Storage | Identified exit to Recycling 3865 | -8/Storage | Assisted by bots powering up and referring to "LRC-V3" 4201 | -8/Storage | Discovered exit to Factory (range 5) 4202 | -8/Storage | Entered Factory 4202 | -7/Factory | Evolved 2 slots: Utility x2 4204 | -7/Factory | FarCom data flow suspended 4242 | -7/Factory | Discovered new exit (range 8) 4254 | -7/Factory | Discovered new exit (range 6) 4265 | -7/Factory | Identified exit to Lower Caves 4291 | -7/Factory | Entered Lower Caves 4323 | -7/Lower Caves | A Derelict revealed a hidden shortcut to a safe place 4389 | -7/Lower Caves | Build established: Hacker-Sprinter 4419 | -7/Lower Caves | Attracted the attention of an 0b10 checkpoint 4506 | -7/Lower Caves | Discovered new exit (range 3) 4507 | -7/Lower Caves | Entered another Lower Caves area 4508 | -7/Lower Caves | Encountered a Warlord checkpoint 4581 | -7/Lower Caves | Discovered new exit (range 8) 4635 | -7/Lower Caves | Learned 4 Factory zone layouts 4746 | -7/Lower Caves | Discovered new exit (range 14) 4747 | -7/Lower Caves | Spotted LV-0CO(f) 4747 | -7/Lower Caves | Spotted 15-QUJ(f) 4747 | -7/Lower Caves | Spotted G6-9WK(f) 4747 | -7/Lower Caves | Spotted 9Q-B23(f) 4749 | -7/Lower Caves | Encountered a Master Thief 4749 | -7/Lower Caves | Encountered a Master Thief 4749 | -7/Lower Caves | Encountered a Master Thief 4749 | -7/Lower Caves | Encountered a Master Thief 4751 | -7/Lower Caves | Entered Data Miner 4751 | -7/Data Miner | Discovered new exit (range 6) 4756 | -7/Data Miner | Met Data Miner 4762 | -7/Data Miner | Learned location of Section 7 (-3) 4762 | -7/Data Miner | Acquired the access code to Warlord's prototype stash 4766 | -7/Data Miner | Received God Mode back door access code from Data Miner 4770 | -7/Data Miner | Assimilated Data Miner with FLK Orb 4791 | -7/Data Miner | Entered Proximity Caves 4791 | -6/Proximity Caves | Accompanied by 1 ally (Data Miner) 4794 | -6/Proximity Caves | Destroyed Data Miner 4797 | -6/Proximity Caves | Found Prototype Hackware 4866 | -6/Proximity Caves | Discovered new exit (range 16) 4870 | -6/Proximity Caves | Entered Factory 4870 | -6/Factory | Evolved 2 slots: Propulsion x1, Utility x1 4871 | -6/Factory | Identified exit to Lower Caves 4872 | -6/Factory | Identified exit to Factory 4884 | -6/Factory | Identified Quantum Router 5055 | -6/Factory | Identified exit to Extension 5073 | -6/Factory | Discovered exit to Factory (range 14) 5127 | -6/Factory | Fabricated Adv. Hacking Suite (x1) 5130 | -6/Factory | Fabricated Adv. Hacking Suite? 5139 | -6/Factory | Repaired Broken Exp. Sensor Array? 5164 | -6/Factory | Fabricated Adv. Hacking Suite? 5329 | -6/Factory | Manually triggered Chute Trap 5329 | -6/Factory | Sucked down chute 5329 | -6/Factory | Entered Waste 5336 | -6/Waste | Spotted C-40 Crusher 5339 | -6/Waste | Spotted C-40 Crusher 5341 | -6/Waste | Spotted C-40 Crusher 5343 | -6/Waste | Found Prototype Hackware 5344 | -6/Waste | EMP discharged 5346 | -6/Waste | Spotted C-40 Crusher 5348 | -6/Waste | Spotted C-40 Crusher 5352 | -6/Waste | Discovered new exit (range 11) 5355 | -6/Waste | Entered Factory 5364 | -6/Factory | Discovered exit to Factory (range 10) 5442 | -6/Factory | Build established: Wizard-Sprinter 5488 | -6/Factory | Repaired Impulse Thruster Array 5520 | -6/Factory | Repaired Imp. VTOL Module 5576 | -6/Factory | Fabricated Adv. Signal Interpreter (x2) 5623 | -6/Factory | Discovered exit to Factory (range 5) 5774 | -6/Factory | Identified Exp. Hacking Suite 5871 | -6/Factory | Repaired Imp. Weapon Shielding 5952 | -6/Factory | Fabricated Exp. Weapon Shielding? 6033 | -6/Factory | Fabricated Imp. System Backup Module (x2) 6042 | -6/Factory | Fabricated Biomechanical Wings? 6061 | -6/Factory | Fabricated Sml. Storage Unit (x1) 6257 | -6/Factory | Local fabrication network quarantined 6323 | -6/Factory | Entered Extension 6458 | -6/Extension | Rescued a captive Derelict 6459 | -6/Extension | Rescued a captive Derelict 6734 | -6/Extension | Rescued a captive Derelict 6814 | -6/Extension | Rescued A7 6882 | -6/Extension | Discovered exit to Factory (range 10) 6882 | -6/Extension | Discovered new exit (range 6) 6887 | -6/Extension | Identified exit to Cetus 6892 | -6/Extension | Entered Cetus 6892 | -6/Cetus | Accompanied by 1 ally (A7) 6897 | -6/Cetus | Acquired a Cetus Manufacturing Module code from A7 6905 | -6/Cetus | Spotted Cetus Guard 6906 | -6/Cetus | Spotted Cetus Guard 6914 | -6/Cetus | Spotted Cetus Guard 6914 | -6/Cetus | Spotted Cetus Guard 6924 | -6/Cetus | Allies destroyed Cetus Guard 6927 | -6/Cetus | Destroyed Cetus Guard 6928 | -6/Cetus | Destroyed Cetus Guard 6930 | -6/Cetus | Destroyed Cetus Guard 6949 | -6/Cetus | Started Cetus Manufacturing Module 6956 | -6/Cetus | Escorted A7 to Cetus Mainframe 6974 | -6/Cetus | Manufactured an Enhanced Grunt 6999 | -6/Cetus | Manufactured an Enhanced Grunt 7024 | -6/Cetus | Manufactured an Enhanced Grunt 7049 | -6/Cetus | Manufactured an Enhanced Grunt 7074 | -6/Cetus | Manufactured an Enhanced Grunt 7080 | -6/Cetus | Discovered new exit (range 16) 7084 | -6/Cetus | Identified exit to Archives 7113 | -6/Cetus | Build established: Hacker-Sprinter 7116 | -6/Cetus | Entered Archives 7116 | -6/Archives | Accompanied by 6 allies (A7) 7121 | -6/Archives | Received a hacking code to weaken MAIN.C 7203 | -6/Archives | Discovered new exit (range 13) 7211 | -6/Archives | Identified exit to Hub_04(d) 7227 | -6/Archives | Entered Hub_04(d) 7227 | -6/Hub_04(d) | Accompanied by 4 allies 7566 | -6/Hub_04(d) | Found Exp. Targeting Computer 7577 | -6/Hub_04(d) | First assault squad dispatched 7594 | -6/Hub_04(d) | Network Hub disabled 7594 | -6/Hub_04(d) | Garrison activated, responded to threat 7602 | -6/Hub_04(d) | Entered Factory 7602 | -5/Factory | Evolved 2 slots: Utility x2 7603 | -5/Factory | Identified exit to Upper Caves 7800 | -5/Factory | Discovered new exit (range 12) 7809 | -5/Factory | Identified exit to Factory 7965 | -5/Factory | Fabricated Exp. Hacking Suite (x1) 8016 | -5/Factory | Fabricated Exp. Hacking Suite (x1) 8208 | -5/Factory | Build established: Wizard-Sprinter 8287 | -5/Factory | Fabricated Exp. Weapon Shielding (x1) 8296 | -5/Factory | Local fabrication network quarantined 8305 | -5/Factory | Discovered exit to Factory (range 12) 8334 | -5/Factory | Fabricated Exp. Cesium-ion Thruster? 8386 | -5/Factory | Repaired Impulse Thruster Array 8502 | -5/Factory | Sucked down chute 8502 | -5/Factory | Entered Waste 8503 | -5/Waste | Met a frightened Derelict 8505 | -5/Waste | Spotted C-40 Crusher 8511 | -5/Waste | Warlord forces began an assault 8518 | -5/Waste | Allies destroyed C-40 Crusher 8531 | -5/Waste | Spotted C-40 Crusher 8532 | -5/Waste | Spotted C-40 Crusher 8535 | -5/Waste | Spotted C-40 Crusher 8536 | -5/Waste | Spotted C-40 Crusher 8543 | -5/Waste | Discovered new exit (range 12) 8545 | -5/Waste | 2 allies followed down the chute 8576 | -5/Waste | Found Prototype Device 8576 | -5/Waste | Identified Femtoactuators 8612 | -5/Waste | Identified exit to Factory 8612 | -5/Waste | Entered Factory 8762 | -5/Factory | Fabricated Biomechanical Wings? 8826 | -5/Factory | Fabricated Lgt. Regenerative Plating? 8844 | -5/Factory | Fabricated Femtoactuators? 8914 | -5/Factory | Local fabrication network quarantined 8963 | -5/Factory | Discovered exit to Factory (range 5) 9031 | -5/Factory | Entered Upper Caves 9076 | -5/Upper Caves | Learned 4 Factory zone layouts 9112 | -5/Upper Caves | Attracted the attention of an 0b10 outpost 9156 | -5/Upper Caves | Discovered new exit (range 5) 9159 | -5/Upper Caves | Identified exit to Upper Caves 9172 | -5/Upper Caves | Entered another Upper Caves area 9260 | -5/Upper Caves | Discovered new exit (range 13) 9260 | -5/Upper Caves | Spotted JD-2W8(f) 9260 | -5/Upper Caves | Spotted L4-MY2(f) 9260 | -5/Upper Caves | Spotted 39-9P7(f) 9261 | -5/Upper Caves | Spotted 11-BOF(f) 9262 | -5/Upper Caves | Encountered a Master Thief 9262 | -5/Upper Caves | Encountered a Master Thief 9264 | -5/Upper Caves | Identified exit to Warlord 9265 | -5/Upper Caves | Entered Warlord 9276 | -5/Warlord | Discovered new exit (range 15) 9338 | -5/Warlord | Found Prototype Launcher 9338 | -5/Warlord | Identified RU-N14's Throwing Claymores v3 9354 | -5/Warlord | Visited the Vortex Lab 9358 | -5/Warlord | Found Prototype Energy Gun 9358 | -5/Warlord | Identified Vortex Shotgun 9361 | -5/Warlord | Found Prototype Energy Gun 9361 | -5/Warlord | Identified Vortex Rail 9364 | -5/Warlord | Warlord's base attacked by MAIN.C 9386 | -5/Warlord | Met Warlord 9390 | -5/Warlord | Opened Warlord's prototype stash 9406 | -5/Warlord | Found Prototype Processor 9406 | -5/Warlord | Identified Exp. Armor Integrity Analyzer 9409 | -5/Warlord | Found Prototype Hackware 9409 | -5/Warlord | Identified System Mapper 9443 | -5/Warlord | Opened side exit 9664 | -5/Warlord | Spotted Executioner 9664 | -5/Warlord | Spotted Striker 9714 | -5/Warlord | Warlord forces counterattacked 9805 | -5/Warlord | Spotted Executioner 9825 | -5/Warlord | Identified exit to Proximity Caves 9825 | -5/Warlord | Entered Proximity Caves 9936 | -4/Proximity Caves | Discovered exit to Factory (range 11) 9937 | -4/Proximity Caves | Learned location of Armory (-3) 9938 | -4/Proximity Caves | Entered Factory 9938 | -4/Factory | Evolved 2 slots: Utility x2 9955 | -4/Factory | Identified exit to Upper Caves 10087 | -4/Factory | Repaired Exp. Sensor Array 10090 | -4/Factory | Spotted B-86 Titan 10168 | -4/Factory | Repaired Exp. Weapon Shielding 10187 | -4/Factory | Fabricated Exp. Hacking Suite (x1) 10277 | -4/Factory | Repaired Imp. Diametric Drive? 10281 | -4/Factory | Central database locked down 10326 | -4/Factory | Fabricated Exp. Melee Analysis Suite? 10456 | -4/Factory | Fabricated Biomechanical Wings? 10649 | -4/Factory | Fabricated Imp. System Backup Module (x2) 10656 | -4/Factory | Spotted B-86 Titan 10661 | -4/Factory | Manually triggered Chute Trap 10661 | -4/Factory | Sucked down chute 10661 | -4/Factory | Entered Waste 10662 | -4/Waste | Joined by Warlord forces that had cleared the area 10693 | -4/Waste | Discovered new exit (range 12) 10696 | -4/Waste | Identified exit to Factory 10879 | -4/Waste | Entered Factory 10879 | -4/Factory | Accompanied by 3 allies 10938 | -4/Factory | Spotted B-86 Titan 10992 | -4/Factory | Spotted B-86 Titan 11075 | -4/Factory | Repaired Exp. Sensor Array? 11188 | -4/Factory | Repaired Imp. Diametric Drive 11421 | -4/Factory | Discovered new exit (range 15) 11449 | -4/Factory | Fabricated Adv. Reaction Control System? 11485 | -4/Factory | Discovered new exit (range 16) 11510 | -4/Factory | Discovered new exit (range 7) 11513 | -4/Factory | Identified exit to Research 11521 | -4/Factory | Fabricated Mni. Fusion Reactor? 11561 | -4/Factory | Fabricated Adv. Actuator Array? 11572 | -4/Factory | Local fabrication network quarantined 11593 | -4/Factory | Fabricated Exp. Signal Interpreter? 11710 | -4/Factory | Entered Upper Caves 11768 | -4/Upper Caves | Discovered new exit (range 9) 11790 | -4/Upper Caves | Learned Extension security intel 11790 | -4/Upper Caves | Learned Research terminal intel 11819 | -4/Upper Caves | Identified exit to Upper Caves 11820 | -4/Upper Caves | Entered another Upper Caves area 11830 | -4/Upper Caves | Discovered exit to Research (range 13) 11853 | -4/Upper Caves | Learned Research terminal intel 11874 | -4/Upper Caves | Discovered new exit (range 12) 11876 | -4/Upper Caves | Identified exit to Zhirov 11882 | -4/Upper Caves | Learned Research security intel 11903 | -4/Upper Caves | Entered Zhirov 11903 | -4/Zhirov | Discovered new exit (range 3) 11907 | -4/Zhirov | Met Zhirov 11913 | -4/Zhirov | Found Alien Artifact 11913 | -4/Zhirov | Identified Integrated Reactor 11913 | -4/Zhirov | Installed Integrated Reactor, increased core energy generation (+10) 11926 | -4/Zhirov | Found Alien Artifact 11933 | -4/Zhirov | Zhirov requested help retrieving the SGEMP Prototype 11939 | -4/Zhirov | Identified exit to Proximity Caves 11939 | -4/Zhirov | Entered Proximity Caves 12002 | -3/Proximity Caves | Spotted B-86 Titan 12103 | -3/Proximity Caves | Discovered exit to Research (range 15) 12176 | -3/Proximity Caves | Received a Behemoth hack from an annoying Tinkerer 12177 | -3/Proximity Caves | Entered Research 12177 | -3/Research | Evolved 2 slots: Propulsion x1, Utility x1 12179 | -3/Research | Loaded intel: 20 terminal locations 12263 | -3/Research | Identified exit to Armory 12263 | -3/Research | Identified exit to Quarantine 12286 | -3/Research | Spotted B-86 Titan 12330 | -3/Research | Entered Quarantine 12334 | -3/Quarantine | Build established: Hacker-Sprinter 12530 | -3/Quarantine | Found Alien Artifact 12531 | -3/Quarantine | Identified Matter Drive 12558 | -3/Quarantine | Discovered new exit (range 9) 12587 | -3/Quarantine | Spotted Alpha 7 12594 | -3/Quarantine | Found Alien Artifact 12686 | -3/Quarantine | Spotted Fortress 12701 | -3/Quarantine | Discovered new exit (range 6) 12702 | -3/Quarantine | Identified exit to Section 7 12703 | -3/Quarantine | Entered Section 7 12791 | -3/Section 7 | Found Exp. Hacking Suite 12799 | -3/Section 7 | Found Alien Artifact 12799 | -3/Section 7 | Identified Integrated Mediator 12799 | -3/Section 7 | Installed Integrated Mediator, increased core attachment efficiency. 12821 | -3/Section 7 | Spotted S7 Guard 12890 | -3/Section 7 | Identified Subatomic Replicator 12890 | -3/Section 7 | Used Subatomic Replicator to replicate Alien Artifact 12891 | -3/Section 7 | Found Alien Artifact 12891 | -3/Section 7 | Identified Core Membrane 12891 | -3/Section 7 | Installed Core Membrane, gained immunity to corruption 12919 | -3/Section 7 | Found Alien Artifact 12919 | -3/Section 7 | Identified Spacefold Activator 12974 | -3/Section 7 | Repaired Exp. Weapon Shielding 13024 | -3/Section 7 | Repaired Mni. Fusion Reactor 13063 | -3/Section 7 | Repaired Adv. Reaction Control System 13099 | -3/Section 7 | Repaired Impulse Thruster Array 13155 | -3/Section 7 | Repaired Imp. Diametric Drive 13391 | -3/Section 7 | Found Alien Artifact 13403 | -3/Section 7 | Identified Transdimensional Reconstructor 13403 | -3/Section 7 | Identified Integrity Redistributor 13453 | -3/Section 7 | First assault squad dispatched 13590 | -3/Section 7 | Spotted B-86 Titan 13598 | -3/Section 7 | Spotted S7 Guard 13630 | -3/Section 7 | Spotted Alpha 7 13657 | -3/Section 7 | Spotted B-99 Colossus 13673 | -3/Section 7 | Found Alien Artifact 13673 | -3/Section 7 | Identified LRC Matter Compressor 13673 | -3/Section 7 | Installed LRC Matter Compressor, increased matter storage capacity (+125) 13686 | -3/Section 7 | Found Alien Artifact 13762 | -3/Section 7 | Assimilated B-99 Colossus with FLK Orb 13797 | -3/Section 7 | Found Matter Drive 13800 | -3/Section 7 | Found Transdimensional Reconstructor 13877 | -3/Section 7 | Core integrity fell below 50% 13918 | -3/Section 7 | Found Alien Artifact 13918 | -3/Section 7 | Identified Core Regenerator 13918 | -3/Section 7 | Used Core Regenerator, restored core integrity (+325) 13919 | -3/Section 7 | Identified Integrated Dissipator 13919 | -3/Section 7 | Installed Integrated Dissipator, increased core heat dissipation (+20) 13930 | -3/Section 7 | Discovered new exit (range 10) 13932 | -3/Section 7 | Entered Research 13932 | -2/Research | Warlord forces began assault on 0b10 13932 | -2/Research | Evolved 2 slots: Weapon x2 13933 | -2/Research | Identified exit to Testing 13934 | -2/Research | Loaded intel: 18 terminal locations 13969 | -2/Research | Spotted B-90 Cyclops 14042 | -2/Research | Research machine network offline 14043 | -2/Research | Found Exp. Actuator Array 14044 | -2/Research | Fabricated Exp. Actuator Array? 14339 | -2/Research | Borebot progress halted 14398 | -2/Research | Met up with Warlord 14500 | -2/Research | Discovered new exit (range 15) 14512 | -2/Research | Spotted Striker 14542 | -2/Research | Borebot progress halted 14570 | -2/Research | Spotted Executioner 14582 | -2/Research | Borebot progress halted 14880 | -2/Research | Build established: Hacker-Mutant 15077 | -2/Research | Entered Testing 15086 | -2/Testing | Found Prototype Device 15086 | -2/Testing | Identified Exp. Hardlight Generator 15097 | -2/Testing | Protovariant out of control (PY-D2LDWUPG0E) 15097 | -2/Testing | Unleashed a protovariant (PY-D2LDWUPG0E) 15168 | -2/Testing | Fabricated Cmb. Linear Gravjet? 15174 | -2/Testing | Spotted Striker 15196 | -2/Testing | Found Prototype Device 15196 | -2/Testing | Identified AEGIS Remote Shield 15239 | -2/Testing | Spotted PY-D2LDWUPG0E 15405 | -2/Testing | Fabricated Cmb. Linear Gravjet (x2) 15513 | -2/Testing | Discovered new exit (range 11) 15531 | -2/Testing | Found Prototype Hackware 15559 | -2/Testing | Entered Access 15559 | -1/Access | Evolved 2 slots: Power x1, Utility x1 15559 | -1/Access | Identified Ghost Barrier 15761 | -1/Access | Fabricated Exp. Terrain Scanner? 15827 | -1/Access | Fabricated Exp. Terrain Scan Processor (x1) 15856 | -1/Access | Local fabrication network quarantined 16076 | -1/Access | Discovered new exit (range 30) 16119 | -1/Access | Entered Command 16202 | -1/Command | Disengaged cave seal 16202 | -1/Command | Derelicts emerged from the dark tunnel 16202 | -1/Command | Welcomed Warlord to Command 16352 | -1/Command | Derelicts emerged from the dark tunnel 16369 | -1/Command | First assault squad dispatched 16412 | -1/Command | Build established: Machinist-Mutant 16492 | -1/Command | Spotted M Guard 16492 | -1/Command | Spotted M Guard 16492 | -1/Command | Spotted Combat Programmer 16493 | -1/Command | Spotted Combat Programmer 16494 | -1/Command | Assimilated Combat Programmer with FLK Orb 16497 | -1/Command | Warlord commented on Warlord statues 16508 | -1/Command | Combat Programmer assimilated allied DE-8ZJ(g) 16523 | -1/Command | Combat Programmer assimilated allied U5-J7H(K) 16523 | -1/Command | Spotted U5-J7H(K) 16575 | -1/Command | Destroyed M Guard 16583 | -1/Command | Warlord destroyed during the assault 16585 | -1/Command | Destroyed M Guard 16588 | -1/Command | Assimilated U5-J7H(K) with FLK Orb 16591 | -1/Command | Assimilated Combat Programmer with FLK Orb 16591 | -1/Command | Combat Programmer assimilated hostile H-88 Terminator 16619 | -1/Command | Found AEGIS Remote Shield 16622 | -1/Command | Lost 7 parts (2p1n3u1w) 16666 | -1/Command | P-80 Master assimilated allied G1-5K9(l) 16669 | -1/Command | P-80 Master assimilated allied SI-6WL(l) 16681 | -1/Command | Allies destroyed U5-J7H(K) 16742 | -1/Command | All MAIN.C guards destroyed 16768 | -1/Command | Met MAIN.C 16768 | -1/Command | Hacked MAIN.C using A7's code 16782 | -1/Command | 0b10 Conduit disabled 16798 | -1/Command | Destroyed MAIN.C Shell 16800 | -1/Command | MAIN.C activated Command garrisons 16801 | -1/Command | Found Centrium Heavy Armor Plating 16855 | -1/Command | Destroyed MAIN.C 16997 | -1/Command | Found Prototype Reactor 16997 | -1/Command | Identified Vortex Chain Reactor 17000 | -1/Command | Found Prototype Reactor 17000 | -1/Command | Identified Zero-point Reactor 17016 | -1/Command | Found Prototype Device 17016 | -1/Command | Identified EM Dispersion Field 17018 | -1/Command | Found Prototype Device 17018 | -1/Command | Identified Beam Splitter 17029 | -1/Command | Found Prototype Processor 17029 | -1/Command | Identified Exp. Target Analyzer 25090 | -1/Command | Found AEGIS Remote Shield 25152 | -1/Command | Discovered new exit (range 15) 25204 | -1/Command | Found Unknown Piercing Weapon 25204 | -1/Command | Identified Enh. Force Lance 25719 | -1/Command | Build established: Scavenger-Mutant 25971 | -1/Command | Discovered new exit (range 8) 26232 | -1/Command | Build established: Machinist-Mutant 26514 | -1/Command | Found Prototype Processor 26514 | -1/Command | Identified Exp. Core Analyzer 26650 | -1/Command | Warped through subspace to slip node 26650 | -1/Command | Discovered new exit (range 5) 26656 | -1/Command | Entered Access_0 26657 | -1/Access_0 | Met Architect 26746 | -1/Access_0 | Used Integrity Redistributor, redistributed integrity from core (-196) 26751 | -1/Access_0 | Subspace Access Node disabled 26765 | -1/Access_0 | Core integrity fell below 50% 26765 | -1/Access_0 | Found Integrated Mediator 26794 | -1/Access_0 | Installed Integrated Mediator, increased core attachment efficiency. 26868 | -1/Access_0 | Destroyed A8 26885 | -1/Access_0 | Architect warped through subspace 26902 | -1/Access_0 | A6 warped into view 26973 | -1/Access_0 | Core integrity fell below 20% 26980 | -1/Access_0 | Warped through subspace to slip node 26980 | -1/Access_0 | Discovered new exit (range 8) 26984 | *** | Establishing 0b11! Last Messages --------------- 26930_ Penetrated by HV Slug. 26930_ Knocked back. 26930_ Penetrated by HV Slug. 26930_ Knocked back. 26936_ Quantum Shear penetrates Enhanced Grunt. 26940_ Quantum Shear penetrates Wall. 26947_ Quantum Shear penetrates Enhanced Grunt. 26955_ Quantum Shear penetrates Wall. 26966_ A6 follow-up attacks with Enh. Force Lance. 26967_ Quantum Shear penetrates Wall. 26975_ Spacefolded through Earth. 26975_ HV Slug penetrates Wall. 26975_ HV Slug penetrates Enhanced Grunt. 26975_ Enhanced Grunt knocked back. 26975_ HV Slug penetrates Wall. 26977_ Penetrated by Quantum Shear. 26977_ Vortex Chain Reactor destroyed. 26978_ Penetrated by HV Slug. 26980_ Warped through subspace, drawn to slip node. 26980_ EXIT=FOUND Map ----- +----------------------------------------------------+ | | | | | | | | | | | | | | | | | | | | | | | | | | | | | | | | | ?????????????????????????????????????????????????? | | ?????????????????????????????????????????????????? | | ?????????????????????????????????????????????????? | | ?????????????????????????????????????????????????? | | ?????????????????????????????????????????????????? | | ?????????????????????????????????????????????????? | | ????????????????????????###??????????????????????? | | ???????????????????????## ##?????????????????????? | | ???????????????????????# #?????????????????????? | | ???????????????????????# @ #?????????????????????? | | ??????????????????????## #?????????????????????? | | ??????????????????????# #?????????????????????? | | ??????????????????????# ##?????????????????????? | | ??????????????????????## #?????????????????????? | | ??????????????????????# #?????????????????????? | | ??????????????????????# ##?????????????????????? | | ??????????????????????# < #?????????????????????? | | ??????????????????????# ##?????????????????????? | | ??????????????????????## #??????????????????????? | | ???????????????????????####??????????????????????? | | ?????????????????????????????????????????????????? | | ?????????????????????????????????????????????????? | | ?????????????????????????????????????????????????? | | ?????????????????????????????????????????????????? | | ?????????????????????????????????????????????????? | | ?????????????????????????????????????????????????? | | ?????????????????????????????????????????????????? | | ?????????????????????????????????????????????????? | | ?????????????????????????????????????????????????? | | ?????????????????????????????????????????????????? | | ?????????????????????????????????????????????????? | | ?????????????????????????????????????????????????? | | ?????????????????????????????????????????????????? | | ?????????????????????????????????????????????????? | +----------------------------------------------------+ Best States ------------- Heat Dissipation 81 Energy Generation 65 Energy Capacity 2500 Matter Stores 425 Matter Capacity 425 Sight Range 16 Robot Scan Range 20 Terrain Scan Range 30 Terrain Scan Density 1010 Additional Mass Support 25 Armor Coverage 600 Resistance: TH 75 Propulsion Shielding 33 Utility Shielding 66 Weapon Shielding 90 Melee Speed Boost 50 Phase Shifting 15 Evasion (%) 82 Melee Accuracy 20 Target Analysis 10 Core Analysis 15 Armor Integrity Analysis 50 Recoil Reduction 4 Offensive Hacking 72 Defensive Hacking 37 Item Schematics ----------------- Mic. Fission Core | -7/Factory | Hacked Combat Drone Bay | -7/Data Miner | Free Lgt. Regenerative Plating | -7/Data Miner | Free Exp. Cesium-ion Thruster | -7/Data Miner | Free Triangulator | -7/Data Miner | Free Exp. Terrain Scanner | -7/Data Miner | Free Exp. Terrain Scan Processor | -7/Data Miner | Free Exp. Targeting Computer | -7/Data Miner | Free Plasma Sword | -7/Data Miner | Free Adv. Signal Interpreter | -6/Factory | Hacked Adv. Hacking Suite | -6/Factory | Hacked Cld. Particle Cannon | -6/Factory | Scanalyzed Cld. Pulse Rifle | -6/Factory | Scanalyzed Enh. Optical Array | -6/Factory | Hacked Imp. System Backup Module | -6/Factory | Hacked Exp. Weapon Shielding | -6/Factory | Hacked Med. Storage Unit | -6/Factory | Hacked Sml. Storage Unit | -6/Factory | Hacked Adv. Melee Analysis Suite | -6/Factory | Hacked Exp. Hacking Suite | -6/Factory | Scanalyzed Exp. Utility Shielding | -6/Factory | Hacked Gravity Neutralizing Apparatus | -6/Factory | Scanalyzed Quantum Capacitor | -5/Factory | Hacked Impulse Thruster Array | -5/Factory | Scanalyzed Femtoactuators | -5/Factory | Scanalyzed Biomechanical Wings | -5/Factory | Hacked Adv. Force Field | -5/Factory | Hacked Exp. Melee Analysis Suite | -5/Factory | Hacked Adv. Coolant Injector | -5/Factory | Hacked Reaction Control System | -4/Factory | Hacked Cmb. Linear Gravjet | -4/Factory | Hacked Imp. System Restoration Module | -4/Factory | Scanalyzed Exp. Cooling System | -4/Factory | Scanalyzed Adv. Reaction Control System | -4/Factory | Hacked Com. HERF Cannon | -4/Factory | Hacked Adv. Actuator Array | -4/Factory | Hacked Adv. Weapon Cycler | -4/Factory | Hacked Force Lance | -4/Factory | Hacked Exp. Signal Interpreter | -4/Factory | Hacked Mni. Fusion Reactor | -4/Factory | Hacked Plasma Lance | -4/Factory | Hacked Imp. Remote Datajack | -3/Section 7 | Hacked Exp. Actuator Array | -2/Research | Hacked Robot Schematics ------------------ S-27 Virus | -7/Data Miner | Free G-50 Soldier | -7/Data Miner | Free L-41 Fighter | -7/Data Miner | Free X-72 Disruptor | -7/Data Miner | Free I-36 Angel | -7/Data Miner | Free Fabricated ------------ Adv. Hacking Suite | x1 | -6/Factory Adv. Hacking Suite | x1 | -6/Factory Adv. Hacking Suite | x1 | -6/Factory Adv. Signal Interpreter | x2 | -6/Factory Exp. Weapon Shielding | x1 | -6/Factory Imp. System Backup Module | x2 | -6/Factory Biomechanical Wings | x1 | -6/Factory | Preloaded Sml. Storage Unit | x1 | -6/Factory Exp. Hacking Suite | x1 | -5/Factory Exp. Hacking Suite | x1 | -5/Factory Exp. Weapon Shielding | x1 | -5/Factory Exp. Cesium-ion Thruster | x1 | -5/Factory Biomechanical Wings | x1 | -5/Factory Lgt. Regenerative Plating | x1 | -5/Factory Femtoactuators | x1 | -5/Factory Exp. Hacking Suite | x1 | -4/Factory Exp. Melee Analysis Suite | x1 | -4/Factory Biomechanical Wings | x1 | -4/Factory Imp. System Backup Module | x2 | -4/Factory Adv. Reaction Control System | x1 | -4/Factory Mni. Fusion Reactor | x1 | -4/Factory Adv. Actuator Array | x1 | -4/Factory Exp. Signal Interpreter | x1 | -4/Factory Exp. Actuator Array | x1 | -2/Research Cmb. Linear Gravjet | x2 | -2/Testing Cmb. Linear Gravjet | x2 | -2/Testing Exp. Terrain Scanner | x1 | -1/Access Exp. Terrain Scan Processor | x1 | -1/Access Alien Tech Used ----------------- Integrated Reactor Matter Drive Integrated Mediator Subatomic Replicator Core Membrane Spacefold Activator LRC Matter Compressor Core Regenerator Integrated Dissipator Transdimensional Reconstructor Integrity Redistributor Achievements -------------- None Challenges ------------ None Game ------ Seed CloakingKineticLance Manual? 0 Play Time 10:03:46 Cumulative 446.9 hours Start 2021.10.02 @ 21:47:50 End 2021.10.06 @ 00:19:39 Sessions 21 Manual Loads 0 Difficulty Rogue Special Mode None Game No. 145 Rogue 141 Adventurer 4 Explorer 0 Win Type 1 Total 11 Types 5/2/3/0/0/0/0/1/0 Lore% 81 Gallery% 80 Achievement% 68 Wizard Run 0 Options --------- ASCII 1 Keyboard 0 Movement Arrows Keybinds 0 Fullscreen 1 Font 18/Smallcaps Map View 76x50 Tactical HUD 1 Map Filters NONE Filters NONE Steam 1 RUN: d53075fe-3bc0-4fb3-9350-125ff33c3cf3